 Dungeon Crawl Stone Soup version 0.27.1-37-g7b29ead8ac (console) character file.

Game seed: 2467909533920283903

1968247 grimtooth the Metallomancer (level 27, 218/228 HPs)
             Began as a Barachi Venom Mage on Oct 20, 2023.
             Was the Champion of Vehumet.
             Escaped with the Orb
             ... and 4 runes on Oct 27, 2023!
             The game lasted 13:42:42 (111163 turns).

grimtooth the Metallomancer (Barachi Venom Mage)  Turns: 111163, Time: 13:42:42

Health: 218/228    AC: 19    Str: 19    XL:     27
Magic:  41/52      EV: 26    Int: 37    God:    Vehumet [******]
Gold:   3129       SH:  9    Dex: 19    Spells: 1/68 levels left

rFire    + + +     SeeInvis +   b - staff of earth
rCold    + + +     Faith    .   i - +2 buckler {rC+ rF+}
rNeg     + . .     Spirit   .   g - +4 robe of Augmentation {Str+4 Int+4 Dex+4}
rPois    .         Reflect  .   u - +2 hat
rElec    +         Harm     .   Q - +4 dragonskin cloak
rCorr    +         Rampage  .   P - +2 pair of gloves "Qucsusy" {rElec rF+ rCorr}
Will     +++++     Clarity  +   M - +2 pair of boots {Stlth+} Stlth +++.......Rnd*Tele +
                                Y - amulet of the Four Winds {rN+ Will+++ Clar}
HPRegen  0.48/turn              m - ring of Scepticism {rF+ rC+ Int+6 SInv, =R}
MPRegen  0.33/turn              q - ring of Ubruis {rF++ Int+6}

@: studying Bows, slow
A: amphibious, slowness 1, strong legs 2, +LOS, high mp 1, teleportitis 1, wild
magic 1, MP-powered wands
0: Orb of Zot
}: 4/15 runes: barnacled, slimy, silver, gossamer
a: Hop, Renounce Religion


You escaped.
You worshipped Vehumet.
Vehumet was exalted by your worship.
You visited 12 branches of the dungeon, and saw 58 of its levels.
You visited 3 bazaars.
You also visited: Ice Cave and Wizlab.

You collected 10559 gold pieces.
You spent 7430 gold pieces at shops.

Inventory:

Hand Weapons
 a - the +8 mithril axe "Arga" {speed, Will+}
   (You found it on level 5 of the Pits of Slime)

   Attacks with this weapon are significantly faster.
   Will:      It increases your willpower.
Missiles
 c - 800 stones
 y - 11 throwing nets {=f}
 W - 15 curare-tipped darts (quivered)
Armour
 g - the +4 robe of Augmentation (worn) {Str+4 Int+4 Dex+4}
   (You bought it in a shop on level 12 of the Dungeon)

   Str:       It affects your strength (+4).
   Int:       It affects your intelligence (+4).
   Dex:       It affects your dexterity (+4).
 i - a +2 buckler of resistance (worn)
 u - a +2 hat (worn)
 M - a +2 pair of boots of stealth (worn)
 P - the +2 pair of gloves "Qucsusy" (worn) {rElec rF+ rCorr}
   (You found it on level 4 of the Depths)

   rF:        It protects you from fire.
   rElec:     It insulates you from electricity.
   rCorr:     It protects you from acid and corrosion.
 Q - the +4 dragonskin cloak (worn)
   (You took it off Tiamat on level 4 of the Realm of Zot)

   It grants the wearer a chance to resist fire, cold, poison, electricity,
   acid, and negative energy.
Magical Staves
 b - a staff of earth (weapon)
 e - a staff of fire
Jewellery
 m - the ring of Scepticism (left hand) {rF+ rC+ Int+6 SInv, =R}
   (You bought it in a shop on level 2 of the Vaults)

   [ring of intelligence]

   Int:       It affects your intelligence (+6).
   rF:        It protects you from fire.
   rC:        It protects you from cold.
   SInv:      It lets you see invisible.
 q - the ring of Ubruis (right hand) {rF++ Int+6}
   (You took it off a deep elf sorcerer on level 3 of the Elven Halls)

   [ring of intelligence]

   Int:       It affects your intelligence (+6).
   rF:        It greatly protects you from fire.
 A - the ring "Huweoja" {rPois rN+ Will+ Int+2}
   (You found it on level 3 of the Crypt)

   [ring of positive energy]

   Int:       It affects your intelligence (+2).
   rPois:     It protects you from poison.
   rN:        It protects you from negative energy.
   Will:      It increases your willpower.
 H - the ring of Budaimn {Fly rN++ rCorr AC+4 Dex+3}
   (You found it on level 5 of the Pits of Slime)

   [ring of protection]

   AC:        It affects your AC (+4).
   Dex:       It affects your dexterity (+3).
   rN:        It greatly protects you from negative energy.
   Fly:       It grants you flight.
   rCorr:     It protects you from acid and corrosion.
 Y - the amulet of the Four Winds (around neck) {rN+ Will+++ Clar}
   (You took it off a deep elf high priest on level 1 of the Elven Halls)

   [amulet of nothing]

   rN:        It protects you from negative energy.
   Clar:      It protects you against confusion.
   Will:      It greatly increases your willpower.
Wands
 w - a wand of iceblast (17)
 z - a wand of polymorph (50)
 E - a wand of paralysis (64)
 G - a wand of charming (28)
 O - a wand of acid (28)
 U - a wand of mindburst (50)
 X - a wand of digging (12)
Scrolls
 f - 9 scrolls of vulnerability
 n - 4 scrolls of holy word
 t - 2 scrolls of silence
 v - 15 scrolls of fog
 x - 3 scrolls of summoning
 B - 8 scrolls of blinking
 C - 23 scrolls of teleportation
 S - 9 scrolls of fear
Potions
 h - 2 potions of heal wounds
 j - 11 potions of ambrosia
 l - 3 potions of cancellation
 o - 5 potions of might
 p - 10 potions of flight
 s - 3 potions of brilliance
 D - 5 potions of resistance
 J - 17 potions of curing
 K - a potion of magic
 R - 2 potions of invisibility
 V - 8 potions of haste
Miscellaneous
 d - a tin of tremorstones (2/2)
 r - a condenser vane
 F - a phantom mirror
 Z - a phial of floods


   Skills:
 - Level 21.0 Fighting
 - Level 15.0 Axes
 - Level 9.0 Staves
 - Level 6.0 Throwing
 - Level 20.0 Dodging
 - Level 15.0 Stealth
 - Level 9.0 Shields
 - Level 21.0 Spellcasting
 - Level 20.0 Conjurations
 - Level 6.0 Translocations
 - Level 9.0 Transmutations
 + Level 22.6 Fire Magic
 - Level 6.0 Air Magic
 - Level 23.0 Earth Magic
 - Level 12.0 Poison Magic
 - Level 12.0 Evocations


You had one spell level left.
You knew the following spells:

 Your Spells              Type           Power      Damage    Failure   Level
a - Sandblast             Erth           100%       2d20      1%          1
c - Mephitic Cloud        Conj/Pois/Air  100%       N/A       1%          3
d - Iskenderun's Mystic   Conj/Tloc      100%       2d19      1%          4
f - Ignition              Fire           66%        3d18      1%          8
g - Bolt of Magma         Conj/Fire/Erth 78%        4d30      1%          5
h - Iron Shot             Conj/Erth      78%        9d14      1%          6
i - Irradiate             Conj/Tmut      56%        3d32      1%          5
j - Shatter               Erth           79%        3d58*     2%          9
k - Blink                 Tloc           N/A        N/A       1%          2
o - Orb of Destruction    Conj           63%        9d17      1%          7
p - Apportation           Tloc           100%       N/A       1%          1
r - Olgreb's Toxic Radia  Pois           100%       N/A       1%          4
t - Ignite Poison         Fire/Tmut/Pois 100%       N/A       1%          3
x - Fire Storm            Conj/Fire      65%        8d16      4%          9

Your spell library contained the following spells:

 Spells                   Type           Power      Damage    Failure   Level
 Chain Lightning          Conj/Air       54%        3d72      67%         9
 Foxfire                  Conj/Fire      100%       2x1d9     1%          1
 Freeze                   Ice            100%       1d11      1%          1
 Magic Dart               Conj           100%       1d8       1%          1
 Sting                    Tmut/Pois      100%       1d8       1%          1
 Summon Small Mammal      Summ           100%       N/A       1%          1
 Corpse Rot               Necr/Air       N/A        N/A       1%          2
 Passwall                 Tmut/Erth      100%       N/A       1%          2
 Poisonous Vapours        Pois/Air       100%       N/A       1%          2
 Wereblood                Tmut           95%        N/A       1%          2
 Conjure Flame            Conj/Fire      100%       6-21      1%          3
 Dazzling Flash           Conj/Hex       100%       N/A       1%          3
 Frozen Ramparts          Ice            100%       1d12      1%          3
 Gell's Gravitas          Tloc           41%        N/A       1%          3
 Inner Flame              Hex/Fire       100%       N/A       1%          3
 Lesser Beckoning         Tloc           41%        N/A       1%          3
 Portal Projectile        Hex/Tloc       100%       N/A       1%          3
 Spider Form              Tmut/Pois      50%        N/A       1%          3
 Stone Arrow              Conj/Erth      100%       3d13      1%          3
 Swiftness                Air            83%        N/A       1%          3
 Teleport Other           Tloc           83%        N/A       1%          3
 Animate Armour           Summ/Erth      100%       N/A       1%          4
 Fulminant Prism          Conj/Hex       49%        3d21      1%          4
 Hailstorm                Conj/Ice       98%        3d19      1%          4
 Leda's Liquefaction      Hex/Erth       63%        N/A       1%          4
 Passage of Golubria      Tloc           N/A        N/A       1%          4
 Sticky Flame             Conj/Fire      100%       2d11      1%          4
 Alistair's Intoxication  Tmut/Pois      66%        N/A       1%          5
 Blade Hands              Tmut           47%        N/A       1%          5
 Fireball                 Conj/Fire      65%        3d25      1%          5
 Freezing Cloud           Conj/Ice/Air   46%        6-21      1%          5
 Iskenderun's Battlesphe  Conj           100%       2d15      1%          5
 Lee's Rapid Deconstruct  Erth           79%        3d36*     1%          5
 Yara's Violent Unravell  Hex/Tmut       38%        3d15      1%          5
 Conjure Ball Lightning   Conj/Air       54%        3x3d20    1%          6
 Eringya's Noxious Bog    Tmut/Pois      50%        N/A       1%          6
 Starburst                Conj/Fire      65%        6d17      1%          6
 Statue Form              Tmut/Erth      94%        N/A       1%          6
 Call Imp                 Summ           50%        N/A       2%          2
 Slow                     Hex            50%        N/A       2%          2
 Sublimation of Blood     Necr           25%        N/A       2%          2
 Ice Form                 Ice/Tmut       76%        N/A       2%          4
 Call Canine Familiar     Summ           50%        N/A       3%          3
 Confusing Touch          Hex            50%        N/A       3%          3
 Ozocubu's Armour         Ice            50%        N/A       3%          3
 Vampiric Draining        Necr           25%        2d9       3%          3
 Summon Lightning Spire   Summ/Air       68%        N/A       3%          4
 Manifold Assault         Tloc           83%        N/A       3%          5
 Silence                  Hex/Air        34%        N/A       9%          5
 Summon Forest            Summ/Tloc      34%        N/A       9%          5
 Summon Ice Beast         Ice/Summ       50%        N/A       11%         4
 Dispersal                Tloc           41%        N/A       13%         6
 Agony                    Necr           50%        N/A       26%         5
 Excruciating Wounds      Necr           25%        N/A       26%         5
 Summon Mana Viper        Hex/Summ       50%        N/A       26%         5
 Storm Form               Tmut/Air       44%        N/A       34%         7
 Maxwell's Capacitive Co  Air            41%        ∞         71%         8
 Invisibility             Hex            25%        N/A       78%         6
 Simulacrum               Ice/Necr       25%        N/A       78%         6
 Ozocubu's Refrigeration  Ice            25%        4d10      83%         7
 Malign Gateway           Summ/Tloc      34%        N/A       90%         7
 Disjunction              Tloc           41%        N/A       99%         8
 Monstrous Menagerie      Summ           25%        N/A       100%        7
 Summon Hydra             Summ           25%        N/A       100%        7
 Borgnjor's Revivificati  Necr           25%        N/A       100%        8
 Necromutation            Tmut/Necr      38%        N/A       100%        8
 Death's Door             Necr           25%        N/A       100%        9
 Polar Vortex             Ice            25%        N/A       100%        9


Dungeon Overview and Level Annotations

Branches:
Dungeon (15/15)            Temple (1/1) D:7            Lair (6/6) D:11
 Shoals (4/4) Lair:3       Spider (4/4) Lair:4        Slime (5/5) Lair:5
    Orc (2/2) D:9             Elf (3/3) Orc:2        Vaults (5/5) D:13
  Crypt (3/3) Vaults:2       Tomb (0/3) Crypt:3      Depths (5/5) D:15
    Zot (5/5) Depths:5      IceCv (visited)          WizLab (visited)

Altars:
Ashenzari
Cheibriados
Dithmenos
Elyvilon
Fedhas
Gozag
Hepliaklqana
Kikubaaqudgha
Makhleb
Nemelex Xobeh
Okawaru
Qazlal
Ru
Sif Muna
Trog
Uskayaw
Vehumet
Wu Jian
Xom
Zin
The Shining One
Beogh
Jiyva
Lugonu

Shops:
D:4 (   D:5 *   D:8 (   D:12 [   D:15 !   Orc:2 [(=*   Elf:1 ?   Elf:3 =
Vaults:2 =   Vaults:3 (   Depths:1 ?[!***   Depths:2 (   Depths:4 =!((([

Portals:
Hell: Depths:1 Depths:2 Depths:3 Depths:4 Depths:5
Abyss: Depths:3 Depths:4 Depths:5
Pandemonium: Depths:3 Depths:5
Ziggurat: Depths:5
Trove: Vaults:1 (give 6 potions of haste)

Annotations:
Elf:2 3 runed translucent doors
Elf:3 1 runed translucent door, grimtooth's ghost, adept DgIE
Depths:1 3 runed translucent doors, exclusion: obsidian statue, grimtooth's ghost, master BaVM


Innate Abilities, Weirdness & Mutations

You are amphibious.
You cover ground slowly.
You can hop long distances.
You have an extended range of vision and can be seen from far away.
You have an increased reservoir of magic. (+10% MP)
You are occasionally teleported next to monsters.
Your spells are a little harder to cast, but a little more powerful.
You expend magic power (3 MP) to strengthen your wands.


Message History

Training target 23.0 for Earth Magic reached!
Your Earth Magic skill increases to level 23!
Casting: Iron Shot (safe; 1% risk of failure)
Confirm with . or Enter, or press ? or * to list all spells.
Aiming: Sandblast (safe; 1% risk of failure)
Press: ? - help, Shift-Dir - straight line, f - hell hog, p - hell hog
Aim: a hell hog (black smoke, ally target, 86% to hit)
You feel a surge of power!
The blast of sand hits the hell hog!!
The hell hog is moderately wounded.
c - 801 stones You hit the hell hog.
You shatter the hell hog!!
The hell hog is almost dead.
The hell hog breathes fire at you.
The fireball explodes!
The fireball engulfs the hell hog.
The hell hog resists.
The fireball engulfs you. You resist.
Unknown command.
Casting: Sandblast (safe; 1% risk of failure)
Confirm with . or Enter, or press ? or * to list all spells.
Aiming: Sandblast (safe; 1% risk of failure)
Press: ? - help, Shift-Dir - straight line, f/p - hell hog
Aim: a hell hog (almost dead, ally target, 86% to hit)
You feel a surge of power!
The blast of sand hits the hell hog!!
You kill the hell hog!
Vehumet accepts your kill.
You feel your power returning.
c - 800 stones
Casting: Sandblast (safe; 1% risk of failure)
Confirm with . or Enter, or press ? or * to list all spells.
You can't see any susceptible monsters within range! (Use Z to cast anyway.)
Casting: Sandblast (safe; 1% risk of failure)
Confirm with . or Enter, or press ? or * to list all spells.
Aiming: Iron Shot (safe; 1% risk of failure)
Press: ? - help, Shift-Dir - straight line, f - hell hog
Aim: a hell hog (almost dead, catching its breath, 85% to hit)
You feel a surge of power!
The iron shot hits the hell hog!!!
You kill the hell hog!
Vehumet accepts your kill.
You feel your power returning.
Enter note: - at least i did one You have escaped!

............#####.#.#.#.# #.....#
##.............##.[...#.###.###.#
##..###.######.####.###.....# #.#
....).#.# #.####.####..#####.#
........# #.#................#
#####.### #.#.######..........
#.# #.#..........##.##.. #.#
#.#..#####..#....... #.# ###....#
##.#.###... #####.# ###...####
#...###.## ....... #...###@.#
#.#.#.#)# #######. #.#.###''###
#.#.....## ..##.###§.....#
#.#....... #.#.#
#†≈≈≈≈.####.##...##.
##..###.≈≈≈§.##...###.###. #
#.#.....#..†...###### #.# #†
#####.#..#...###''###.# #.# #.
...÷>..........#..###.# #.# #.
######.####..>.#''#.#.# #.# #.
#####.......#.....#.#.#### #.# #.
....####..#.#..#.........# #.# #.


There were no monsters in sight!

Vanquished Creatures
  the Royal Jelly (Slime:5)
  3 dread liches
  3 ancient liches
  6 orbs of fire
  Mara (Vaults:2)
  2 juggernauts
  14 Killer Klowns
  Sojobo (Vaults:2)
  Boris (twice) (Vaults:2 Crypt:2)
  The ghost of royokou the Executioner, a veteran MiFi of Makhleb (Vaults:4)
  Margery (Vaults:2)
  Saint Roka (Orc:2)
  3 curse toes
  The ghost of ragingrage the Executioner, a veteran HOFi of Beogh (Vaults:4)
  The ghost of Ylesmath the Executioner, an adept MiBe of Trog (Vaults:4)
  7 caustic shrikes
  13 golden dragons
  The ghost of HilariousDeathArtist the Champion of Chaos, an adept CeWn of Makhleb (Vaults:4)
  Arachne (Spider:2)
  Jory (Depths:3)
  2 Brimstone Fiends
  A bone dragon (Crypt:3)
  the Enchantress (Depths:4)
  2 Tzitzimimeh
  5 electric golems
  A Hell Sentinel (Depths:3)
  17 tentacled monstrosities
  28 Orb Guardians
  Jorgrun (D:15)
  An Ice Fiend (Depths:4)
  5 deep elf blademasters
  10 titans (Vaults:5)
  A deep elf master archer (Elf:3)
  7 liches
  12 quicksilver dragons
  An Executioner (D:4)
  25 acid blobs
  10 sphinxes
  3 tentacled starspawn (WizLab)
  3 ancient champions (Crypt:3)
  13 death cobs
  The ghost of Monur the Bludgeoner, an adept GrHu of Dithmenos (Vaults:4)
  11 tengu reavers
  15 storm dragons
  11 shadow dragons
  Kirke (Elf:1)
  Donald (Vaults:1)
  9 draconian monks
  13 azure jellies
  Ilsuiw (Shoals:3)
  Roxanne (Shoals:1)
  2 revenants
  7 draconian scorchers
  15 fire giants
  3 iron dragons
  16 rockslimes
  Aizul (Vaults:1)
  7 frost giants
  11 vault wardens
  5 deep elf sorcerers
  A fire giant (shapeshifter) (Vaults:5)
  3 orc warlords
  8 draconian knights
  6 ghost moths
  7 draconian annihilators
  7 draconian shifters
  2 curse skulls
  5 deep elf elementalists
  7 emperor scorpions
  5 reapers
  5 spriggan defenders (Depths:4)
  11 ghouls
  18 quicksilver oozes
  3 draconian stormcallers
  20 ironbound preservers
  3 war gargoyles
  20 stone giants
  43 very ugly things
  Nessos (D:15)
  8 deep elf demonologists
  A blood saint (D:9)
  10 vampire knights
  4 entropy weavers
  11 black draconians
  A lorocyproca (WizLab)
  A bunyip (Zot:3)
  19 green draconians
  9 deep elf annihilators
  15 red draconians
  12 yellow draconians
  15 white draconians
  Azrael (D:14)
  A minotaur (Lair:2)
  33 purple draconians
  A spark wasp (Spider:4)
  7 dire elephants
  A crystal guardian (Vaults:1)
  3 eidola
  The ghost of Worhasm the Archer, a journeyman CeAM of Okawaru (Lair:5)
  4 deep elf death magi
  11 fire dragons
  A blizzard demon (D:9)
  8 deep elf high priests
  10 ettins
  10 merfolk javelineers
  A mummy priest (Crypt:3)
  17 merfolk impalers
  8 jiangshi
  14 yaktaur captains
  A fenstrider witch zombie (Crypt:3)
  30 vault guards
  14 great orbs of eyes
  The ghost of Ephetek the Nimble, a journeyman OpBr of Yredelemnul (Lair:2)
  14 ice dragons
  4 rakshasas
  13 hydras
  5 ironbound thunderhulks
  A caustic shrike simulacrum (IceCv)
  7 spriggan air magi
  A peacekeeper (Vaults:1)
  2 ogre magi
  A catoblepas (Lair:5)
  6 boulder beetles
  3 merfolk avatars (Shoals:2)
  13 centaur warriors
  10 ironbound frosthearts
  6 merfolk aquamancers (Shoals:4)
  8 two-headed ogres
  3 alligator snapping turtles
  23 dancing weapons
  6 death knights
  5 vampire magi
  11 death yaks
  18 deep troll shamans
  3 orc high priests
  14 deep troll earth magi
  5 ironbound beastmasters
  7 tengu warriors
  24 hell knights
  4 hell hogs (D:1)
  2 soul eaters
  A thrashing horror (WizLab)
  4 spriggan berserkers
  15 deep elf knights
  Sonja (Lair:2)
  A storm dragon zombie (Crypt:2)
  3 sun demons
  A titan skeleton (Crypt:1)
  7 iron trolls
  A bunyip zombie (Crypt:2)
  A swamp dragon (Lair:6)
  A shadow demon (Depths:4)
  9 flayed ghosts
  A death drake (WizLab)
  2 ghost moth zombies
  16 skeletal warriors
  14 sea snakes
  86 deep trolls
  2 bog bodies (Crypt:1)
  A shadow dragon zombie (Crypt:2)
  An orange crystal statue (IceCv)
  5 glowing orange brains
  23 ironbound convokers
  A lindwurm (shapeshifter) (Vaults:1)
  19 phantasmal warriors
  13 orc knights
  2 obsidian statues
  13 deep elf archers
  A golden dragon skeleton (Crypt:3)
  19 harpies
  16 wizards
  14 orb spiders
  14 necromancers
  24 deep elf pyromancers
  17 deep elf zephyrmancers
  A harpy (shapeshifter) (Vaults:5)
  28 manticores
  62 ugly things
  4 shining eyes
  2 lindwurms
  4 fauns
  A fire giant zombie (Crypt:2)
  14 wolf spiders
  11 cyclopes
  A shadow dragon skeleton (Crypt:2)
  5 orc sorcerers
  5 worldbinders (WizLab)
  48 moths of wrath
  A frost giant skeleton (Crypt:1)
  4 black mambas
  9 merfolk sirens
  2 torpor snails
  11 water nymphs
  2 centaur zombies
  10 elephants (Lair:4)
  5 molten gargoyles
  A stone giant skeleton (Crypt:2)
  19 vault sentinels
  A guardian serpent (shapeshifter) (Elf:2)
  A guardian serpent (WizLab)
  A shock serpent skeleton (Crypt:2)
  3 eyes of devastation
  2 ice statues (Elf:2)
  2 centaur skeletons (D:15)
  A black draconian zombie (Crypt:2)
  5 cane toads
  An alligator snapping turtle skeleton (Crypt:3)
  4 rime drakes
  33 yaktaurs
  2 kobold demonologists
  4 tengu conjurers
  2 entropy weaver simulacra (IceCv)
  3 unseen horrors
  An efreet (D:14)
  A grey draconian zombie (Crypt:2)
  13 komodo dragons
  An anaconda simulacrum (IceCv)
  8 guardian mummies (Crypt:3)
  4 ice devils
  14 demonic crawlers
  13 freezing wraiths
  A catoblepas zombie (Crypt:3)
  3 meliai (D:14)
  35 jumping spiders
  A queen bee (D:14)
  A hydra zombie (Crypt:2)
  A yaktaur skeleton (WizLab)
  2 trolls (shapeshifter)
  A shadow dragon simulacrum (Crypt:2)
  A meliai (shapeshifter) (Elf:2)
  14 wind drakes
  8 trolls
  12 hornets
  10 polar bears (Lair:6)
  29 merfolk
  A red devil (Depths:3)
  A human skeleton (WizLab)
  A tyrant leech (shapeshifter) (Vaults:5)
  34 blink frogs
  6 snapping turtles
  3 raiju
  98 slime creatures
  13 dream sheep
  6 air elementals
  8 spriggans
  A flying skull (Crypt:3)
  34 water elementals
  A guardian serpent skeleton (Crypt:3)
  A shadow (D:13)
  A centaur simulacrum (D:14)
  66 redbacks
  3 vampires (Vaults:2)
  An ettin skeleton (Crypt:2)
  A tarantella (shapeshifter) (Vaults:5)
  3 spriggan simulacra (IceCv)
  10 wraiths
  50 yaks
  A fire bat (shapeshifter) (Elf:2)
  7 fire bats
  A dire elephant simulacrum (IceCv)
  A yak (shapeshifter) (D:14)
  A basilisk (shapeshifter) (Elf:1)
  5 wyverns
  6 fire elementals
  16 tarantellas
  2 golden eyes (Slime:3)
  11 basilisks
  A neqoxec (D:1)
  A minotaur simulacrum (IceCv)
  A small abomination (WizLab)
  2 steam dragons
  2 gelid demonspawn zombies (Crypt:1)
  A vampire mosquito (D:14)
  4 spatial vortices (WizLab)
  2 swamp worms (shapeshifter)
  2 hydra simulacra (IceCv)
  8 wargs
  2 floating eyes
  19 hell hounds
  11 water moccasins
  5 acid dragons (Lair:6)
  32 orc warriors
  An alligator simulacrum (IceCv)
  3 ice beasts
  A sky beast (D:6)
  An ettin simulacrum (IceCv)
  11 black bears (Lair:6)
  3 necrophages
  A hornet zombie (D:15)
  A hog zombie (Crypt:2)
  5 ogres
  9 boggarts
  13 wolves (Lair:6)
  19 centaurs
  An elephant skeleton (Crypt:3)
  A kobold brigand (D:7)
  12 bullfrogs
  A gnoll sergeant (D:8)
  4 deep troll simulacra (IceCv)
  3 scorpions
  A wyvern zombie (Crypt:1)
  3 water moccasin zombies
  A swamp dragon simulacrum (Crypt:2)
  26 killer bees
  A snapping turtle simulacrum (Crypt:2)
  5 electric eels
  2 howler monkeys
  2 lava snakes (D:10)
  A jelly (shapeshifter) (Depths:4)
  An iron imp (WizLab)
  2 bullfrog skeletons
  3 hounds
  4 jellies
  17 orc priests
  A demonspawn skeleton (Crypt:2)
  5 iguanas
  A lightning spire (Zot:1)
  17 orc wizards
  16 hell rats
  A killer bee zombie (D:8)
  A hound skeleton (D:4)
  A mummy (Crypt:3)
  5 gnolls (D:8)
  3 adders (D:3)
  21 river rats
  A steam dragon zombie (Crypt:2)
  3 white imps
  2 halfling zombies
  2 worms (D:3)
  2 dart slugs
  86 orcs
  11 endoplasms
  5 giant cockroaches
  7 goblins
  3 hobgoblins
  7 jackals (D:1)
  13 kobolds
  7 quokkas
  9 ball pythons
  3 bats
  3 frilled lizards (D:3)
  A frilled lizard zombie (Crypt:3)
  A goblin skeleton (Crypt:3)
  11 rats
  3 fire vortices (D:10)
  2 starspawn tentacles (WizLab)
2760 creatures vanquished.

Vanquished Creatures (collateral kills)
  Tiamat (Zot:4)
  A draconian scorcher (Zot:4)
  A stone giant (Depths:5)
  A green draconian (Zot:4)
  A red draconian (Zot:4)
  2 yellow draconians (Zot:4)
  2 white draconians (Zot:4)
  A two-headed ogre (D:13)
  A death yak (Lair:3)
  A manticore (D:12)
  An elephant (Lair:6)
  A cane toad (Lair:1)
  A komodo dragon (Lair:3)
  A basilisk (D:7)
  2 yaks
  A steam dragon (D:7)
  A water moccasin (D:7)
  An iguana (D:7)
21 creatures vanquished.

Vanquished Creatures (others)
  An eldritch tentacle (WizLab)
  A draconian monk (Zot:4)
  A draconian knight (Zot:3)
  A draconian annihilator (Zot:4)
  A yellow draconian (Zot:4)
  A white draconian (Zot:5)
  An ettin (Depths:5)
  A hell knight (Depths:1)
  A wizard (Vaults:3)
  A merfolk (Shoals:3)
  2 hornets (Depths:5)
  3 humans (Elf:1)
  28 fungi
  130 plants
  2 starspawn tentacles (WizLab)
  2 withered plants (Elf:3)
177 creatures vanquished.

Grand Total: 2958 creatures vanquished

Notes
Turn   | Place    | Note
-------+----------+-------------------------------------------
     0 | D:1      | grimtooth the Barachi Venom Mage began the quest for the
                  | Orb.
     0 | D:1      | Reached XP level 1. HP: 13/13 MP: 3/3
   262 | D:1      | Reached XP level 2. HP: 19/19 MP: 2/5
  1078 | D:1      | Reached XP level 3. HP: 22/24 MP: 0/7
  1864 | D:1      | Learned a level 2 spell: Poisonous Vapours
  1878 | D:2      | Found a shimmering blue altar of Sif Muna.
  2640 | D:2      | Found a faded altar of an unknown god.
  2651 | D:2      | Got Plato's Tome of a Billion Bounties
  2861 | D:2      | - i was doing sif last time right
  2913 | D:3      | Reached XP level 4. HP: 30/30 MP: 3/8
  3168 | D:3      | Noticed a necrophage
  3323 | D:3      | Found a sparkling altar of Nemelex Xobeh.
  3324 | D:3      | Found a shadowy altar of Dithmenos.
  3547 | D:3      | Reached skill level 5 in Poison Magic
  3801 | D:3      | Reached XP level 5. HP: 25/35 MP: 6/9
  4059 | D:3      | Killed a necrophage
  4301 | D:3      | Found a hazy altar of Hepliaklqana.
  4495 | D:4      | Reached XP level 6. HP: 39/41 MP: 4/10
  5100 | D:4      | Reached skill level 1 in Air Magic
  5191 | D:4      | Found Cihyhiph's Weapon Shoppe.
  5678 | D:5      | Entered Level 5 of the Dungeon
  5678 | D:5      | Noticed an ice beast
  5699 | D:4      | Killed an ice beast
  5746 | D:5      | Noticed an ice beast
  5772 | D:4      | Killed an ice beast
  5773 | D:4      | Reached XP level 7. HP: 46/46 MP: 3/11
  5910 | D:5      | Found a broken altar of Ashenzari.
  5954 | D:5      | Found an iron altar of Okawaru.
  5955 | D:5      | Found a glowing golden altar of the Shining One.
  5956 | D:5      | Found an ornate altar of the Wu Jian Council.
  6398 | D:5      | Found Qulocaop's Assorted Antiques.
  6414 | D:5      | Bought a scroll labelled SUYSUA GEDE NYIQ for 18 gold
                  | pieces
  6414 | D:5      | Bought a silvery potion for 16 gold pieces
  6414 | D:5      | Bought a scroll of identify for 36 gold pieces
  6414 | D:5      | Bought a scroll of identify for 36 gold pieces
  7222 | D:6      | Reached XP level 8. HP: 47/52 MP: 12/12
  7234 | D:6      | Learned a level 4 spell: Olgreb's Toxic Radiance
  7238 | D:6      | Learned a level 3 spell: Mephitic Cloud
  7259 | D:6      | Noticed a boulder beetle
  7260 | D:6      | - seriously
  7276 | D:6      | - and now an unseen
  7276 | D:6      | Killed a boulder beetle
  7277 | D:6      | Reached skill level 5 in Fighting
  7410 | D:6      | Learned a level 1 spell: Sandblast
  7479 | D:6      | Reached XP level 9. HP: 69/69 MP: 8/13
  7560 | D:6      | Found a glowing silver altar of Zin.
  7846 | D:6      | Noticed an unseen horror
  7860 | D:6      | Killed an unseen horror
  7861 | D:6      | Reached skill level 5 in Conjurations
  7937 | D:6      | Found a blossoming altar of Fedhas.
  7937 | D:6      | Found a shimmering altar of Xom.
  8527 | D:7      | Identified a scroll of acquirement
  8864 | D:7      | Found the +2 ratskin cloak {*Rats rPois rN+ Str-1 Int-1
                  | Dex+1}
  9346 | D:7      | Reached skill level 10 in Poison Magic
  9997 | D:7      | Found a staircase to the Ecumenical Temple.
 10008 | Temple   | Entered the Ecumenical Temple
 10099 | Temple   | Became a worshipper of Vehumet
 10601 | D:8      | Noticed a two-headed ogre
 10619 | D:8      | Killed a two-headed ogre
 10620 | D:8      | Reached XP level 10. HP: 82/82 MP: 4/14
 10939 | D:8      | Found Ohupup's Weapon Shoppe.
 10968 | D:8      | Reached skill level 5 in Air Magic
 11057 | D:8      | Noticed a two-headed ogre
 11201 | D:8      | Killed a two-headed ogre
 11486 | D:8      | Paralysed by a hornet for 1 turns
 11657 | D:8      | Found a shimmering blue altar of Sif Muna.
 11658 | D:8      | Found a burning altar of Makhleb.
 11882 | D:8      | Reached skill level 1 in Earth Magic
 12343 | D:9      | Noticed a two-headed ogre
 12519 | D:9      | Reached * piety under Vehumet
 12519 | D:9      | Offered knowledge of Magic Dart by Vehumet.
 12813 | D:9      | Noticed a four-headed hydra
 12859 | D:9      | Found a white marble altar of Elyvilon.
 12891 | D:9      | Reached skill level 2 in Earth Magic
 13092 | D:9      | Killed a four-headed hydra
 13093 | D:9      | Reached XP level 11. HP: 86/89 MP: 11/15
 13174 | D:9      | Found a staircase to the Orcish Mines.
 13550 | D:9      | Reached skill level 3 in Earth Magic
 14185 | D:9      | Killed a two-headed ogre
 14430 | D:10     | Entered Level 10 of the Dungeon
 14434 | D:10     | Noticed a sixfirhy
 14439 | D:10     | Noticed a sun demon
 14449 | D:9      | Reached skill level 4 in Earth Magic
 14853 | D:10     | Reached skill level 5 in Stealth
 15016 | D:10     | Offered knowledge of Static Discharge by Vehumet.
 15613 | D:11     | Reached ** piety under Vehumet
 15701 | D:11     | Noticed a two-headed ogre
 15772 | D:11     | Reached skill level 5 in Earth Magic
 15898 | D:11     | Found a staircase to the Lair.
 15898 | D:11     | Noticed a death yak
 16344 | D:11     | Noticed a death yak
 16344 | D:11     | Noticed a death yak
 16365 | D:11     | Killed a death yak
 16366 | D:11     | Reached skill level 6 in Earth Magic
 16374 | D:11     | Killed a death yak
 16389 | D:11     | - ok bad choice
 17314 | D:11     | Killed a two-headed ogre
 17591 | D:11     | Killed a death yak
 17826 | D:12     | Found Golom's Antique Armour Shoppe.
 17852 | D:12     | Noticed a manticore
 17906 | D:12     | Killed a manticore
 17907 | D:12     | Reached skill level 5 in Dodging
 18713 | D:12     | Identified the +3 war axe of Nenos {flame, rC+ SInv Stlth+}
 18747 | D:13     | Reached XP level 12. HP: 82/95 MP: 18/18
 18820 | D:13     | Noticed a vault guard
 18820 | D:13     | Noticed a vault guard
 18902 | D:13     | Noticed a two-headed ogre
 18919 | D:13     | Killed a two-headed ogre
 18920 | D:13     | Reached skill level 7 in Earth Magic
 19389 | D:13     | Noticed a two-headed ogre
 19395 | D:13     | Killed a two-headed ogre
 19396 | D:13     | Reached skill level 5 in Spellcasting
 20123 | D:13     | Noticed a six-headed hydra
 20137 | D:13     | Killed a six-headed hydra
 20512 | Lair:1   | Entered Level 1 of the Lair of Beasts
 20520 | Lair:1   | Noticed a five-headed hydra
 20617 | Lair:1   | Killed a five-headed hydra
 22046 | Lair:1   | Offered knowledge of Stone Arrow by Vehumet.
 22055 | Lair:1   | Reached skill level 8 in Earth Magic
 22075 | Lair:1   | - a bit close that one
 22488 | Lair:1   | Reached *** piety under Vehumet
 22489 | Lair:1   | Reached skill level 9 in Earth Magic
 23108 | Lair:2   | Noticed Ephetek's ghost (journeyman OpBr)
 23170 | Lair:2   | Noticed Sonja
 23304 | Lair:2   | Noticed a minotaur
 23384 | Lair:2   | Found a runed translucent gate.
 23385 | Lair:2   | Found a runed translucent gate.
 23402 | Lair:2   | Gained mutation: You can hop long distances. [Barachi
                  | growth]
 23402 | Lair:2   | Reached XP level 13. HP: 101/101 MP: 16/23
 23476 | Lair:2   | Identified the amulet "Edoat" {Reflect Harm Drain Fly Str+5
                  | SH+5}
 23491 | Lair:2   | Found a runed translucent gate.
 23771 | Lair:2   | Killed Sonja
 23772 | Lair:2   | Reached skill level 10 in Fighting
 24319 | Lair:3   | Offered knowledge of Airstrike by Vehumet.
 25431 | Lair:3   | - that was a mess
 25886 | Lair:3   | Found a staircase to the Shoals.
 26101 | Lair:4   | Found a hole to the Spider Nest.
 26393 | Lair:4   | Reached **** piety under Vehumet
 26493 | Lair:4   | Offered knowledge of Lightning Bolt by Vehumet.
 26525 | Lair:4   | Reached skill level 1 in Evocations
 27020 | Lair:4   | Reached XP level 14. HP: 88/115 MP: 7/27
 27479 | Lair:4   | Reached skill level 1 in Shields
 27891 | Lair:5   | Found a viscous altar of Jiyva.
 27891 | Lair:5   | Found a staircase to the Slime Pits.
 27927 | Lair:5   | Found a runed translucent gate.
 27927 | Lair:5   | Found a runed translucent gate.
 27927 | Lair:5   | Found a runed translucent gate.
 27927 | Lair:5   | Noticed a quicksilver ooze
 27927 | Lair:5   | Noticed a quicksilver ooze
 27928 | Lair:5   | Found a viscous altar of Jiyva.
 27928 | Lair:5   | Noticed Worhasm's ghost (journeyman CeAM)
 27978 | Lair:5   | Reached skill level 5 in Evocations
 28581 | Lair:5   | Reached skill level 5 in Shields
 29036 | Lair:6   | Entered Level 6 of the Lair of Beasts
 29409 | Lair:6   | Reached ***** piety under Vehumet
 29481 | Lair:6   | Offered knowledge of Iskenderun's Mystic Blast by Vehumet.
 29487 | Lair:6   | Learned a level 4 spell: Iskenderun's Mystic Blast
 29641 | Lair:6   | Reached skill level 1 in Translocations
 29652 | Lair:6   | Reached skill level 10 in Conjurations
 30794 | Lair:6   | - not a single set of scales
 31180 | Lair:6   | Reached skill level 5 in Translocations
 31187 | Lair:6   | Reached XP level 15. HP: 96/120 MP: 7/28
 32286 | D:13     | Offered knowledge of Irradiate by Vehumet.
 32319 | D:13     | Found a gate to the Vaults.
 32592 | Orc:1    | Entered Level 1 of the Orcish Mines
 32650 | Orc:1    | Found a bloodstained altar of Trog.
 32767 | Orc:2    | Entered Level 2 of the Orcish Mines
 32767 | Orc:2    | Found a staircase to the Elven Halls.
 33491 | Orc:2    | Noticed Saint Roka
 33503 | Orc:2    | Gained mutation: Your flesh is cold resistant. (rC+) [a
                  | neqoxec]
 33517 | Orc:2    | Killed Saint Roka
 34020 | Orc:2    | Found Bemmepaisa's Antique Armour Boutique.
 34031 | Orc:2    | Found Zaklut's Jewellery Boutique.
 34080 | Orc:2    | Found Ynaudeih's General Store.
 34080 | Orc:2    | Found Ofahoesm's Antique Weapon Boutique.
 34291 | Orc:2    | Bought a pair of embroidered boots for 172 gold pieces
 34291 | Orc:2    | Bought a crude buckler for 218 gold pieces
 34291 | Orc:2    | Identified the +0 buckler "Weuploq" {Str+4} (You bought it
                  | in a shop on level 2 of the Orcish Mines)
 34329 | Orc:2    | Bought a scroll of identify for 28 gold pieces
 34329 | Orc:2    | Bought a scroll of identify for 28 gold pieces
 34329 | Orc:2    | Bought a scroll of fog for 28 gold pieces
 34510 | D:5      | Bought a potion of heal wounds for 90 gold pieces
 34730 | D:13     | Learned a level 5 spell: Irradiate
 34730 | D:13     | Acquired an amulet of magic regeneration
 34906 | D:14     | Noticed Azrael
 35661 | Spider:1 | Entered Level 1 of the Spider Nest
 36052 | Spider:1 | Learned a level 1 spell: Apportation
 36625 | Spider:1 | Offered knowledge of Conjure Ball Lightning by Vehumet.
 36626 | Spider:1 | - always with the ball lightning
 36626 | Spider:1 | - veh you joker
 36738 | Spider:1 | Reached XP level 16. HP: 96/127 MP: 19/29
 37480 | D:5      | Bought a potion of curing for 54 gold pieces
 38015 | Spider:2 | Noticed Arachne
 38031 | Spider:2 | - uh-oh
 38037 | Spider:2 | Killed Arachne
 38651 | Spider:2 | Reached skill level 10 in Spellcasting
 38998 | Spider:2 | Learned a level 3 spell: Ignite Poison
 39670 | Spider:3 | Reached skill level 15 in Conjurations
 40086 | Spider:3 | Reached skill level 5 in Transmutations
 40337 | Spider:4 | Entered Level 4 of the Spider Nest
 41146 | Spider:4 | Reached skill level 10 in Dodging
 41488 | Spider:4 | Reached XP level 17. HP: 133/133 MP: 32/32
 41957 | Spider:4 | Reached ****** piety under Vehumet
 42216 | Spider:4 | Got a gossamer rune of Zot
 42792 | D:12     | Bought the +4 robe of Augmentation {Str+4 Int+4 Dex+4} for
                  | 1216 gold pieces
 42792 | D:12     | Found the +4 robe of Augmentation {Str+4 Int+4 Dex+4}
 42896 | Shoals:1 | Entered Level 1 of the Shoals
 43603 | Shoals:1 | Identified Roxanne's Incunabulum of Changing
 43603 | Shoals:1 | Noticed Roxanne
 43827 | Shoals:1 | Offered knowledge of Starburst by Vehumet.
 43835 | Shoals:1 | Learned a level 6 spell: Starburst
 43935 | Shoals:2 | Reached skill level 1 in Fire Magic
 44559 | Shoals:2 | Reached skill level 5 in Fire Magic
 44941 | Shoals:3 | Noticed Ilsuiw
 44957 | Shoals:3 | Killed Ilsuiw
 45254 | Shoals:3 | Reached XP level 18. HP: 133/143 MP: 31/34
 45421 | Shoals:4 | Entered Level 4 of the Shoals
 45421 | Shoals:4 | Found a glowing golden altar of the Shining One.
 45557 | Shoals:4 | Offered knowledge of Iron Shot by Vehumet.
 45799 | Shoals:4 | Paralysed by an air elemental for 1 turns
 45906 | Shoals:4 | Paralysed by an air elemental for 1 turns
 46356 | Shoals:4 | Paralysed by an air elemental for 1 turns
 46369 | Shoals:4 | Reached skill level 15 in Fighting
 46765 | Shoals:4 | Identified the ring "Sesihu" {rF- rC+ rN+ Int+6}
 47184 | Shoals:4 | Got a barnacled rune of Zot
 48328 | D:14     | Identified the amulet "Odesi" {Acrobat rN+}
 48398 | D:14     | Learned a level 6 spell: Iron Shot
 48533 | D:14     | Offered knowledge of Bolt of Magma by Vehumet.
 48540 | D:14     | Learned a level 5 spell: Bolt of Magma
 48943 | D:14     | Found the +1 cloak of Starlight {*Dazzle EV+4 Stlth--}
 48963 | D:14     | Reached XP level 19. HP: 127/155 MP: 17/35
 49554 | D:14     | Killed Azrael
 49879 | D:15     | Entered Level 15 of the Dungeon
 50047 | D:15     | Noticed Jorgrun
 50052 | D:15     | Killed Jorgrun
 50052 | D:15     | Offered knowledge of Lehudib's Crystal Spear by Vehumet.
 50261 | D:15     | Found an ancient bone altar of Kikubaaqudgha.
 50463 | D:15     | Found Xotax's Distillery.
 50469 | D:15     | Bought a potion of flight for 48 gold pieces
 50527 | D:15     | Noticed Nessos
 50531 | D:15     | Killed Nessos
 50570 | D:15     | Found a staircase to the Depths.
 50998 | Vaults:1 | Entered Level 1 of the Vaults
 50998 | Vaults:1 | Noticed Donald
 51004 | Vaults:1 | Killed Donald
 51005 | Vaults:1 | Reached skill level 1 in Staves
 51982 | Vaults:1 | Found a portal to a secret trove of treasure.
 52077 | Vaults:1 | Reached skill level 5 in Staves
 53146 | Vaults:2 | Found Lofuas's Jewellery Shoppe.
 53150 | Vaults:2 | Noticed Aizul
 53191 | Vaults:2 | Noticed Mara
 53199 | Vaults:2 | Found a staircase to the Crypt.
 53424 | Vaults:2 | Noticed Boris
 53886 | Vaults:2 | Reached XP level 20. HP: 131/162 MP: 27/37
 54037 | D:13     | - so willpower is going to kill me no question... hm
 54152 | D:15     | Bought a potion of heal wounds for 80 gold pieces
 54329 | Elf:1    | Entered Level 1 of the Elven Halls
 54497 | Elf:1    | Identified the +6 dagger of the Spheres {venom, rN+}
 54497 | Elf:1    | Identified the +7 hand axe of Subjectivity {freeze, rElec
                  | rF+ Will++ Int-3}
 54501 | Elf:1    | Reached skill level 15 in Dodging
 54754 | Elf:1    | - and what do you know
 54769 | Elf:1    | Found a runed translucent gate.
 54769 | Elf:1    | Found a runed translucent gate.
 54769 | Elf:1    | Found a runed translucent gate.
 54769 | Elf:1    | Found a runed translucent gate.
 54769 | Elf:1    | Found a runed translucent gate.
 54769 | Elf:1    | Found a runed translucent gate.
 54794 | Elf:1    | - well, as long as I'm here...
 55108 | Elf:1    | Found Bohuhes's Magic Scroll Shoppe.
 55309 | Elf:1    | Noticed Kirke
 55314 | Elf:1    | Killed Kirke
 56188 | Elf:2    | Offered knowledge of Shatter by Vehumet.
 56188 | Elf:2    | Offered knowledge of Chain Lightning by Vehumet.
 56188 | Elf:2    | Offered knowledge of Ignition by Vehumet.
 56207 | Elf:2    | Found a frozen archway.
 56251 | Elf:2    | Reached skill level 15 in Spellcasting
 56258 | Elf:2    | - where are these all coming from
 56270 | Elf:2    | Reached skill level 10 in Fire Magic
 56273 | Elf:2    | - holy heck
 56275 | IceCv    | Entered an ice cave
 58164 | Elf:2    | Reached XP level 21. HP: 149/168 MP: 22/40
 58168 | Elf:2    | Found a runed translucent gate.
 58168 | Elf:2    | Found a runed translucent gate.
 58316 | Elf:2    | Found a runed translucent gate.
 58601 | Elf:3    | Entered Level 3 of the Elven Halls
 58663 | Elf:3    | Reached skill level 10 in Earth Magic
 59261 | Elf:3    | Found Ominexzo's Jewellery Shoppe.
 59336 | Elf:3    | Paralysed by an air elemental for 1 turns
 60144 | Elf:3    | Found a runed translucent door.
 60144 | Elf:3    | Noticed grimtooth's ghost (adept DgIE)
 60145 | Elf:3    | - eyy, its-a me!
 60148 | Elf:3    | - hm I look kinda tough
 60232 | Elf:3    | Reached skill level 11 in Earth Magic
 60239 | Elf:3    | Reached skill level 12 in Earth Magic
 60369 | Elf:3    | - no retreats baby!
 60376 | Elf:3    | Identified the ring of Ubruis {rF++ Int+6}
 60408 | Elf:3    | - guess theres still a few toughnuts left
 60428 | Elf:3    | - nice ring... toughnut
 60491 | Elf:3    | Identified the amulet "Effathre" {Acrobat *Corrode Int+3
                  | Dex+8}
 60522 | Elf:3    | Identified the +7 plate armour of Henotheism {rF++ Slay+2}
 60543 | Elf:3    | Identified the +1 ring mail of Bupar {Rampage rF- Regen+
                  | Dex+3}
 60546 | Elf:3    | Identified the amulet of Moral Flaws {Spirit Fragile Int+3
                  | Slay+6}
 60620 | Elf:3    | Found the +5 scythe "Finisher" {speed, eviscerate}
 60622 | Elf:3    | Identified the +6 demon blade "Dautir" {venom, rN+ Str+2}
 60628 | Elf:3    | Identified the +3 quarterstaff "Goblinbane" {vorpal, Str+6}
 60657 | Elf:3    | Got the Volume of Toxic Summoning
 61114 | D:13     | - now this is more like it
 61147 | Vaults:2 | Noticed Margery
 61153 | Vaults:2 | Killed Margery
 61167 | Vaults:1 | Killed Aizul
 61863 | Vaults:2 | Noticed Sojobo
 61865 | Vaults:2 | - level really bringin the uniques
 63051 | Vaults:2 | - after all that care not to wake you up
 63064 | Vaults:2 | Killed Mara
 63065 | Vaults:2 | Reached XP level 22. HP: 135/182 MP: 14/41
 63067 | Vaults:2 | - yay
 65039 | Vaults:3 | Found Ikkeilui's Weapon Shoppe.
 66525 | Vaults:4 | Found a flickering gateway to a bazaar.
 66578 | Bazaar   | Entered a bazaar
 66580 | Bazaar   | Found Emaec's Magic Scroll Boutique.
 66583 | Bazaar   | Found Sizxe's Distillery.
 66584 | Bazaar   | Found Ririr's Magic Scroll Boutique.
 66584 | Bazaar   | Found Kaeludgh's Antique Armour Boutique.
 66628 | Bazaar   | Bought a scroll of acquirement for 416 gold pieces
 66628 | Bazaar   | Bought a scroll of teleportation for 24 gold pieces
 66628 | Bazaar   | Bought a scroll of holy word for 60 gold pieces
 66628 | Bazaar   | Bought 2 scrolls of fear for 56 gold pieces
 66628 | Bazaar   | Bought a scroll of fog for 16 gold pieces
 66628 | Bazaar   | Bought a scroll of fog for 16 gold pieces
 66628 | Bazaar   | Bought a scroll of teleportation for 24 gold pieces
 66628 | Bazaar   | - cheap!
 66641 | Bazaar   | Bought a potion of heal wounds for 60 gold pieces
 66641 | Bazaar   | Bought 2 potions of heal wounds for 120 gold pieces
 66641 | Bazaar   | Bought a potion of curing for 36 gold pieces
 66641 | Bazaar   | Bought 2 potions of curing for 72 gold pieces
 66641 | Bazaar   | Bought a potion of brilliance for 48 gold pieces
 66654 | Bazaar   | Bought a pair of glowing gloves for 165 gold pieces
 66654 | Bazaar   | Bought a runed cloak for 165 gold pieces
 66660 | Bazaar   | Bought a scroll of blinking for 112 gold pieces
 66660 | Bazaar   | Bought a scroll of teleportation for 45 gold pieces
 66674 | Vaults:4 | - not bad
 67749 | Vaults:4 | Found a runed translucent gate.
 67749 | Vaults:4 | Noticed HilariousDeathArtist's ghost (adept CeWn)
 67749 | Vaults:4 | Noticed ragingrage's ghost (veteran HOFi)
 67749 | Vaults:4 | Noticed royokou's ghost (veteran MiFi)
 67749 | Vaults:4 | Noticed Ylesmath's ghost (adept MiBe)
 67750 | Vaults:4 | Found a runed translucent gate.
 67750 | Vaults:4 | Found a runed translucent gate.
 67750 | Vaults:4 | Noticed Monur's ghost (adept GrHu)
 67758 | Vaults:4 | - might be worth it for a couple of hastes
 68149 | Vaults:4 | Reached XP level 23. HP: 190/190 MP: 39/45
 68852 | D:5      | Bought 2 potions of heal wounds for 180 gold pieces
 69054 | D:10     | Identified the +1 mace of Imminent Death {flame, rN+ rCorr}
 69377 | Lair:2   | Killed Ephetek's ghost
 69558 | Lair:5   | Killed Worhasm's ghost
 69774 | Shoals:1 | Killed Roxanne
 69778 | Shoals:1 | - since when is she into transmutation
 70572 | Depths:1 | Entered Level 1 of the Depths
 70596 | Depths:1 | Found a gateway to Hell.
 70660 | Depths:1 | - if you all make me last for this wizlab i will be pissed
 70767 | Depths:1 | Found a magical portal.
 70778 | WizLab   | Entered The Roulette of Golubria
 70778 | WizLab   | Found a transporter.
 70786 | WizLab   | Found a corrupted altar of Lugonu.
 70985 | WizLab   | Found a transporter.
 71081 | WizLab   | Found a transporter.
 71083 | WizLab   | Found a corrupted altar of Lugonu.
 71108 | WizLab   | Found a transporter.
 71176 | WizLab   | Found a transporter.
 71219 | WizLab   | Found a transporter.
 71219 | WizLab   | Found a transporter.
 71377 | WizLab   | Found a transporter.
 71429 | WizLab   | Found a transporter.
 71480 | WizLab   | Found a transporter.
 71571 | WizLab   | Found a transporter.
 71594 | WizLab   | Found a transporter.
 71594 | WizLab   | Found a transporter.
 71693 | WizLab   | Got Golubria's Compendium of Translocation
 71707 | WizLab   | Identified the +0 cloak of Parlour Games {rPois rCorr Str+3
                  | SInv}
 71711 | WizLab   | Found a transporter.
 71788 | WizLab   | Found a transporter.
 71810 | WizLab   | Found a transporter.
 71810 | WizLab   | Found a transporter.
 71843 | WizLab   | Found a transporter.
 71843 | WizLab   | Found a transporter.
 71938 | WizLab   | Found a transporter.
 71946 | WizLab   | Identified the +0 cloak "Poxoxt" {Will+}
 72511 | Depths:1 | Gained mutation: Your magical capacity is low. (-10% MP)
                  | [mutagenic glow]
 72620 | Depths:1 | Found a runed translucent gate.
 72620 | Depths:1 | Found Aniaq's Assorted Antiques.
 72621 | Depths:1 | Found a runed translucent gate.
 72621 | Depths:1 | Found an opulent altar of Gozag.
 72621 | Depths:1 | Found a runed translucent gate.
 72622 | Depths:1 | Found Taudemm's Assorted Antiques.
 72622 | Depths:1 | Noticed grimtooth's ghost (master BaVM)
 72625 | Depths:1 | - grimtooth: mall cop
 72632 | Depths:1 | Found a runed translucent door.
 72787 | Depths:1 | Identified the +0 fire dragon scales of Sopobeb {rF++ rC-
                  | Str+8}
 73065 | Depths:1 | Found Inisk's Assorted Antiques.
 73065 | Depths:1 | Found Wellouse's Antique Armour Shoppe.
 73069 | Depths:1 | Found Nitann's Magic Scroll Shoppe.
 73072 | Depths:1 | Found Qumorag's Distillery.
 73259 | Depths:1 | Reached XP level 24. HP: 185/201 MP: 9/40
 73433 | Depths:1 | Reached skill level 15 in Fire Magic
 74187 | Depths:2 | Noticed a juggernaut
 74305 | Depths:1 | Bought a scroll of amnesia for 59 gold pieces
 74315 | Depths:1 | Learned a level 8 spell: Ignition
 74378 | Depths:2 | Found Plog's Antique Weapon Boutique.
 74434 | Depths:2 | Identified the +0 robe of the Spider Nest {rF+ rC+ Str+4}
 74759 | Depths:2 | Killed a juggernaut
 74851 | Depths:2 | Reached skill level 13 in Earth Magic
 74964 | Depths:2 | Reached skill level 10 in Evocations
 75059 | Depths:2 | Learned a level 7 spell: Orb of Destruction
 75307 | Depths:2 | Found a shimmering blue altar of Sif Muna.
 75672 | Depths:2 | Reached skill level 14 in Earth Magic
 77488 | Depths:3 | Found a one-way gate leading to the halls of Pandemonium.
 77598 | Depths:3 | Reached XP level 25. HP: 210/210 MP: 27/40
 77823 | Depths:3 | Found a one-way gate to the infinite horrors of the Abyss.
 77857 | Depths:3 | Reached skill level 15 in Earth Magic
 77904 | Depths:3 | Noticed Jory
 77909 | Depths:3 | Killed Jory
 78413 | Depths:3 | Noticed a juggernaut
 78413 | Depths:3 | Identified the +5 war axe of the Twisting Ancients {venom,
                  | rN+ Will- Int+9}
 78423 | Depths:3 | Killed a juggernaut
 78783 | Depths:4 | Found a flickering gateway to a bazaar.
 78805 | Depths:4 | - i smell the enchantree
 78808 | Depths:4 | Noticed the Enchantress
 78809 | Depths:4 | - there she is
 78814 | Depths:4 | Killed the Enchantress
 78822 | Depths:4 | - people i am just trying to get to the mall
 78851 | Bazaar   | Entered a bazaar
 78851 | Bazaar   | Found Ylidaunn's Armour Shop.
 79139 | Bazaar   | Found Haept's Weapon Boutique.
 79144 | Bazaar   | Found Kavvuar's Antique Weapon Shop.
 79153 | Bazaar   | Found Zeybbuse's Jewellery Shop.
 79201 | Bazaar   | Bought 8 atropa-tipped darts for 48 gold pieces
 79201 | Bazaar   | Bought 8 atropa-tipped darts for 48 gold pieces
 79201 | Bazaar   | - guess i'll take those darts... too bad I was ready to
                  | drop serious coin on yall
 79289 | Depths:4 | Found Adimo's Jewellery Shoppe.
 79290 | Depths:4 | Found a stormy altar of Qazlal.
 79327 | Depths:4 | Found Jolynig's Distillery.
 80075 | Depths:4 | Found a corrupted altar of Lugonu.
 80105 | Depths:4 | Identified the +2 pair of gloves "Qucsusy" {rElec rF+
                  | rCorr}
 80106 | Depths:4 | - well these will do nicely
 80280 | Depths:4 | Found Qike Nuy's Weapon Shop.
 80281 | Depths:4 | Found Owoame's Weapon Shop.
 80331 | Depths:4 | Found Con Waix's Antique Armour Boutique.
 80410 | Depths:4 | Found Rushal's Weapon Boutique.
 80416 | Depths:4 | - man this place is a mall
 80443 | Depths:4 | - i have to say a +10 quickblade is pretty appealing
 80587 | Depths:5 | Entered Level 5 of the Depths
 80588 | Depths:5 | - are you kidding me... triple bazaar!? shopping mall
                  | indeed
 80716 | Depths:5 | - oh the shrike shwarm
 80721 | Depths:5 | Reached XP level 26. HP: 217/218 MP: 22/40
 80726 | Depths:5 | Found a gateway to a ziggurat.
 80792 | Depths:5 | Found a flickering gateway to a bazaar.
 80825 | Bazaar   | Entered a bazaar
 80947 | Bazaar   | Found Soistih's Distillery.
 80948 | Bazaar   | - shopppppping malllll
 80972 | Bazaar   | Found Atask's Assorted Antiques.
 80986 | Bazaar   | Found Zahon's Book Shop.
 80999 | Bazaar   | Found Ilaor's Weapon Boutique.
 81050 | Bazaar   | Bought a potion of haste for 100 gold pieces
 81050 | Bazaar   | Bought a potion of haste for 100 gold pieces
 81050 | Bazaar   | Bought a potion of heal wounds for 50 gold pieces
 81050 | Bazaar   | Bought 2 potions of curing for 60 gold pieces
 81050 | Bazaar   | Bought a potion of curing for 30 gold pieces
 81050 | Bazaar   | Bought a potion of cancellation for 80 gold pieces
 81057 | Bazaar   | - well a few pedestrian items are FINE i guess... but you
                  | know it was a lot of work to get here
 81392 | Depths:4 | Identified the +7 quarterstaff of Nisueru {vorpal, rPois}
 81769 | Depths:5 | Found a gate to the Realm of Zot.
 81928 | Depths:4 | Bought a glowing buckler for 330 gold pieces
 81928 | Depths:4 | Bought a runed kite shield for 330 gold pieces
 82156 | D:13     | Acquired 580 gold pieces
 82157 | D:13     | Acquired 930 gold pieces
 82158 | D:13     | Acquired a staff of earth
 82228 | Vaults:2 | Bought the ring of Scepticism {rF+ rC+ Int+6 SInv} for 1255
                  | gold pieces
 82305 | D:13     | Learned a level 2 spell: Blink
 82470 | Slime:1  | Entered Level 1 of the Pits of Slime
 82582 | Slime:1  | - man you get mixed up after you switfch the macros
 83125 | Slime:1  | Gained mutation: You are frail. (-10% HP) [a shining eye]
 83981 | Slime:1  | Reached skill level 10 in Stealth
 85132 | Slime:5  | Entered Level 5 of the Pits of Slime
 85648 | Slime:4  | Reached XP level 27. HP: 185/201 MP: 35/42
 86090 | Slime:5  | Noticed the Royal Jelly
 86102 | Slime:5  | Killed the Royal Jelly
 86221 | Slime:5  | Found the +8 mithril axe "Arga" {speed, Will+}
 86227 | Slime:5  | Identified the +6 quarterstaff "Wihoit" {freeze, rF+}
 86274 | Slime:5  | Identified the ring of Budaimn {Fly rN++ rCorr AC+4 Dex+3}
 86325 | Slime:5  | Identified the +3 trident of Flawed Execution {freeze,
                  | Str+3}
 86392 | Slime:5  | Got a slimy rune of Zot
 86792 | Vaults:2 | Killed Boris
 86793 | Vaults:2 | Reached skill level 16 in Earth Magic
 86837 | Vaults:2 | Killed Sojobo
 87064 | Vaults:4 | Killed Monur's ghost
 87065 | Vaults:4 | Killed Ylesmath's ghost
 87066 | Vaults:4 | Killed HilariousDeathArtist's ghost
 87075 | Vaults:4 | Killed ragingrage's ghost
 87526 | D:13     | Lost mutation: Your flesh is cold resistant. (rC+) [potion
                  | of mutation]
 87526 | D:13     | Lost mutation: Your magical capacity is low. (-10% MP)
                  | [potion of mutation]
 87526 | D:13     | Lost mutation: You are frail. (-10% HP) [potion of
                  | mutation]
 87526 | D:13     | Gained mutation: Potions are less effective at restoring
                  | your health. [potion of mutation]
 87526 | D:13     | Lost mutation: Potions are less effective at restoring your
                  | health. [potion of mutation]
 87526 | D:13     | Gained mutation: Your spells are a little harder to cast,
                  | but a little more powerful. [potion of mutation]
 87749 | Zot:1    | Entered Level 1 of the Realm of Zot
 88347 | Zot:1    | Reached skill level 17 in Earth Magic
 89543 | Zot:2    | Reached skill level 18 in Earth Magic
 89553 | Zot:2    | Reached skill level 1 in Axes
 89886 | Zot:2    | Identified the amulet "Vuas" {Faith rPois}
 90084 | Zot:2    | Reached skill level 5 in Axes
 92289 | Zot:2    | Identified the +5 arbalest "Zues" {freeze, rC+ Int-3 Dex+6}
 92419 | Zot:3    | Reached skill level 10 in Axes
 94470 | Zot:3    | Noticed an orb of fire
 94475 | Zot:3    | Killed an orb of fire
 94677 | Zot:3    | Reached skill level 19 in Earth Magic
 95023 | Zot:3    | Learned a level 9 spell: Shatter
 95067 | Zot:4    | Noticed a dread lich
 95707 | Zot:4    | Found the +4 dragonskin cloak
 95707 | Zot:4    | Noticed Tiamat
 95735 | Zot:4    | Killed Tiamat
 96156 | Zot:4    | Reached skill level 20 in Earth Magic
 96976 | Zot:4    | Killed a dread lich
 97927 | Crypt:1  | Entered Level 1 of the Crypt
 98215 | Crypt:1  | Reached skill level 5 in Throwing
 99258 | Crypt:2  | Noticed Boris
 99269 | Crypt:2  | Killed Boris
100013 | Crypt:1  | Found an ancient bone altar of Kikubaaqudgha.
100181 | Crypt:3  | Entered Level 3 of the Crypt
101851 | Crypt:3  | Found a staircase to the Tomb.
101965 | Crypt:3  | Noticed a dread lich
101965 | Crypt:3  | Noticed an ancient lich
101968 | Crypt:3  | Identified the ring "Boczem" {rPois rN+}
101968 | Crypt:3  | Identified the ring "Huweoja" {rPois rN+ Will+ Int+2}
101968 | Crypt:3  | Identified the ring "Ton Upn" {Fly rPois rN+ Will+ Dex-3}
101973 | Crypt:3  | Killed an ancient lich
101977 | Crypt:3  | Killed a dread lich
102351 | Vaults:5 | Entered Level 5 of the Vaults
102361 | Vaults:5 | Reached skill level 15 in Stealth
102366 | Vaults:5 | Identified the +7 falchion "Fatosoc" {spect, Int+6}
103617 | Vaults:5 | Reached skill level 15 in Axes
103775 | Vaults:5 | Identified the +4 long sword of Trauma {venom, rElec rF++
                  | Will- Int+3}
104975 | Vaults:5 | Identified the amulet "Oboosul" {Faith MP+9 Int+4 Dex+3}
104981 | Vaults:5 | Identified the amulet "Eppyos" {Reflect rC+ SH+5}
105187 | Vaults:5 | Got a silver rune of Zot
105577 | Vaults:4 | - oh i forgot about you
105594 | Vaults:4 | Killed royokou's ghost
105870 | Vaults:5 | Identified the +2 pair of gloves of a sewer {Will+ Dex+2}
106240 | Depths:1 | Bought a runed buckler for 247 gold pieces
106244 | Depths:1 | Bought a scroll of magic mapping for 59 gold pieces
106244 | Depths:1 | Bought a scroll of fog for 34 gold pieces
106363 | Zot:1    | oh wait i already did all this
106418 | Zot:5    | Entered Level 5 of the Realm of Zot
106811 | Zot:5    | Identified the ring of Eppumuqu {Fly rC+ Str+6 Int-2}
107460 | Zot:5    | Noticed an ancient lich
107463 | Zot:5    | Killed an ancient lich
107522 | Zot:5    | Noticed an orb of fire
107524 | Zot:5    | Noticed an orb of fire
107542 | Zot:5    | Noticed an ancient lich
107748 | Zot:5    | Killed an ancient lich
107748 | Zot:5    | Noticed an orb of fire
107752 | Zot:5    | Killed an orb of fire
107753 | Zot:5    | Reached skill level 21 in Earth Magic
107765 | Zot:5    | Killed an orb of fire
107850 | Zot:5    | Gained mutation: You are clumsy. (Dex -2) [an orb of fire]
107851 | Zot:5    | Killed an orb of fire
107872 | Zot:5    | Noticed an orb of fire
107873 | Zot:5    | Gained mutation: You are frail. (-10% HP) [an orb of fire]
107875 | Zot:5    | Gained mutation: You are occasionally teleported next to
                  | monsters. [an orb of fire]
107878 | Zot:5    | Noticed an orb of fire
107881 | Zot:5    | Killed an orb of fire
107883 | Zot:5    | Reached skill level 22 in Earth Magic
107884 | Zot:5    | Killed an orb of fire
108535 | Zot:5    | Noticed a dread lich
108545 | Zot:5    | Killed a dread lich
108875 | Zot:5    | Acquired a book of Annihilations
108887 | Zot:5    | Learned a level 9 spell: Fire Storm
108887 | Zot:5    | - hey why not
109008 | Zot:3    | Lost mutation: You are clumsy. (Dex -2) [potion of
                  | mutation]
109008 | Zot:3    | Lost mutation: You are frail. (-10% HP) [potion of
                  | mutation]
109008 | Zot:3    | Lost mutation: Your spells are a little harder to cast, but
                  | a little more powerful. [potion of mutation]
109008 | Zot:3    | Gained mutation: You sometimes lose the ability to read
                  | scrolls when taking damage. [potion of mutation]
109008 | Zot:3    | Gained mutation: You are robust. (+10% HP) [potion of
                  | mutation]
109008 | Zot:3    | Gained mutation: You are very robust. (+20% HP) [potion of
                  | mutation]
109009 | Zot:3    | Lost mutation: You are very robust. (+20% HP) [potion of
                  | mutation]
109009 | Zot:3    | Lost mutation: You sometimes lose the ability to read
                  | scrolls when taking damage. [potion of mutation]
109009 | Zot:3    | Gained mutation: You have large cloven feet. [potion of
                  | mutation]
109009 | Zot:3    | Gained mutation: You expend magic power (3 MP) to
                  | strengthen your wands. [potion of mutation]
109215 | Depths:2 | Lost mutation: You are robust. (+10% HP) [potion of
                  | mutation]
109215 | Depths:2 | Gained mutation: Your spells are a little harder to cast,
                  | but a little more powerful. [potion of mutation]
109215 | Depths:2 | Lost mutation: You have large cloven feet. [potion of
                  | mutation]
109215 | Depths:2 | Gained mutation: You have an increased reservoir of magic.
                  | (+10% MP) [potion of mutation]
109685 | D:13     | Acquired 1249 gold pieces
109842 | Elf:1    | Bought a scroll of blinking for 105 gold pieces
109842 | Elf:1    | Bought a scroll of holy word for 105 gold pieces
110143 | Depths:1 | Bought a scroll of teleportation for 51 gold pieces
110232 | Depths:4 | Bought a potion of magic for 128 gold pieces
110232 | Depths:4 | Bought a potion of invisibility for 128 gold pieces
110232 | Depths:4 | Bought a potion of haste for 160 gold pieces
110232 | Depths:4 | Bought a potion of haste for 160 gold pieces
110232 | Depths:4 | Bought a potion of heal wounds for 80 gold pieces
110399 | Zot:5    | Got the Orb of Zot
110721 | D:14     | - yeesh too close
111089 | D:1      | - ok i gotta wait
111158 | D:1      | Reached skill level 23 in Earth Magic
111162 | D:1      | - at least i did one
111163 | D:$      | Escaped with the Orb!

Illustrated notes ######### ###.......# #.........# ########.#.####.@# .............##..# ...#####.#.#<##..#### ...# ##....#......).# #### #...........##.# ##...#####.###.# ##.######.###.# #........##..# #.#########.## ## ##'## #.# .######...## ####.### Turn 2861 on D:2: - i was doing sif last time right .B ######## #... ........ #...=.########.......# +.......@....[.......# #.....#######........# #....................# #### #########.........# #8# #............+ ##8. ####.........# #... ###.......... ##.. ..#.......... #..8 #.#.#........ #..# #.#.#........ #..#############.#.########. Turn 7260 on D:6: - seriously .. ...############ .. .............. ..=.########.......# ...(..(...B[..{.@..# ....#######.(......# ...................# #########.........# #............+ ####.........# ###.......... ..#..........# #.#.#........# #.#.#........ ########.#.########. Turn 7276 on D:6: - and now an unseen ...#...#....# #.# ...#...#....#... #†# ...#...#....#... #l# ...#...#....#... #r# ...#...#....##''## #†# ...#''##.........########.# ..........................# ..........................#####.. ................................. ......................).......... ................@Y............... ................................. ................................. ......#####...................... ......#...#####'######........... ......#..............#......##### ......#..............####.### ......#.................#.# ......#.................#.# ......#.................#.# ......#..........^......#.# Turn 16389 on D:11: - ok bad choice #.. [.## ..P# ...# # ..## #. #...# #.### ##....#### #..#P##.†....... #.....# #...@## #.##...# # #.†.# #.#..## ###...# #.. #P..# ... ##..## #... #...# #..# #P..## #..## ##...# #...# ##.## ##...### Turn 22075 on Lair:1: - a bit close that one #..............###.#.+.##. ##........†)†.........lF.. #....................F... #...............#.####.PP #...............##.P##..# ##...............#...m..## #...##.#..#.#.........### #......######...#...### ##..##......#...#..## ##..##......#....#.# #...##...@......##.# ##..###†#.##.......## #....##........###.##### #..............#.#..##.## #........................ #........................ #........................ ##............†....≈...... #...#..#....♣♣♣.♣♣≈≈≈..... ##.#######..♣♣..♣≈≈♣♣≈#### #.....#.....♣♣.≈≈♣♣....## Turn 25431 on Lair:3: - that was a mess ........##### ........P♣ .P......≈♣♣♣♣♣♣♣♣♣♣ ..♣.....†≈♣♣.≈♣.♣.♣♣♣♣ ♣..P.....≈≈..≈≈[...P.♣♣ ♣.♣..P..P≈..♣..†.♣♣...♣♣♣ ≈♣.......♣♣♣♣♣♣≈≈≈♣..♣.[♣♣ ≈≈..♣...#♣♣♣♣..♣♣≈.♣.....♣♣ ≈.♣.....#♣.....♣♣♣≈.≈.≈≈..♣ ♣......##♣♣..♣♣♣.♣≈†≈.≈≈..♣♣ ...#...# ♣.♣...@≈≈.♣♣♣.≈..♣♣♣ #......# ♣♣♣..♣≈≈.♣♣♣♣♣.....♣ #.#....# ♣♣..≈≈≈≈.♣♣♣.♣♣♣≈.≈.♣♣ ..#...##♣♣≈♣≈♣..♣♣♣.[...♣♣≈≈≈≈♣ .......#♣P≈≈≈♣[♣♣♣♣?....♣♣♣≈≈≈♣ .......#♣.≈≈♣♣♣♣♣.♣.†....≈♣≈≈.♣ .......#♣≈≈≈♣♣♣..≈..≈...≈≈≈...♣ #......#♣≈≈≈.≈.≈≈≈≈≈≈≈≈≈≈≈≈..♣♣ .......#♣.P.≈≈≈≈≈≈≈≈≈≈.≈≈...♣♣ ......##♣...≈≈≈≈≈≈≈≈≈≈.≈≈..♣♣ ......# ♣♣...≈≈≈≈≈≈≈..♣≈.♣♣♣ Turn 30794 on Lair:6: - not a single set of scales ##.##.........# #^ ...#.... #...)#..##...?#. . ........ ....#....#.....# .# ........ ....#........... .#..^.... ...##)^##.....## ....^..##. ...##..##..$...## #........ .##.#........##.# ##....# ####....s##...... #.?...# ##..#....##..##.###.....# #..............###......# #....#..##....#.@!......# #.......##...#..#r#.....# ##.............#........# ##....##.......#..##...# ###..##....##.#..# #^## ## ####............#.## #.# ^## .#.........###..#.# #.# ##.### ##...####...##.#..## ######..... ##.#.# #...#..#...## #.#........ ###..## #...###.#...###.......... .#....###...^...#....###.....†... Turn 36626 on Spider:1: - always with the ball lightning ### ### ######.## ##.# #@..#.^.# ###... #H..#...## ##...^. ##....#..# #....<. #........####..... ###..s#<....###...#. #.......#........### #(.........(..†.####. ##..#....(...(### #.. #...........### #.. #H...#.(....# ##. ....#s#^....°. ## Turn 38031 on Spider:2: - uh-oh ###.# ##..## ##.[(######### #.≈≈≈#...#..)# .≈≈≈≈....'...# .≈≈≈≈....#...# .≈≈≈≈#####[..# .≈≈≈≈# #.[.# ..≈≈≈#####...##### .....'.......#⌠.⌠# .....'..!#[..'?∩@# .....'.....[.#⌠.⌠# ..≈≈≈#####...##### .≈≈≈≈# #...# .≈≈≈≈#####...# .≈≈≈≈....#...# .≈≈≈≈...('...# ..≈≈≈#...#...# ...≈≈######### .....#### ........# Turn 54037 on D:13: - so willpower is going to kill me no question... hm ..########....# ...'.[...'....# ...#######....#8.....) .8 ..)## #....#8..)..(..8 ..#'## #....##..#).#..## ..##.## ####'#8)...)...8# #'###.## #.#8.....)).8# #/# ##.## #.##..#))#..## #.# ##.## #.#8.).)....8# #+######.## #.#8..))....8 .....# ##.###)##@'#''#''# .....# ##.##'##))).....# ....#######'...'######### ....')?...'.....# [..########.....# ...## #.....+ #.#)## ##...+# ..##.## ##'## ## ##.## #.# ##.## #.# ##.## #.# Turn 54754 on Elf:1: - and what do you know ....#######....#8.....)..8# ...)## #....#8..)..(..8# ...#'## #....##..#).#..## ...##.## ####'#8)...)...8# ##'###.## #.#8.....)).8# #/# ##.## #.##..#))#..## #.# ##.## #.#8.).)....8# ##+######.## #.#8..))....8# ......# ##.###)##)'#''#''## ......# ##.##'##))).....# .....#######'...@######### .....')?...'.....# #[..########.....# #...## #.....+ ##.#)## ##...+# ...##.## ##'## ### ##.## #.# ##.## #.# ##.## #.# # ##.## #.# # ##.###.# Turn 54794 on Elf:1: - well, as long as I'm here... ,,,,,** *,* *..,,,,,,,,*, ,,,,*,* #.* #..,,,,,,,,*, ,,,*,,* #.* #.#******,,** ,,*,,,* #.* #.# *,,,, ,*,,,,**#######.#####.# *,,,, *,,,,,**............#.# **,** ,,,,,***,............(# *,*, ,,,,,*****#..#........# **,*, *,,,,,* #.....$.....# #,,*, ,*,,,,**###++..)......# #.,*# ,,*,,,**........@∩....# *..,, ,,,*,,**.........††...# *,#.# ,,,,*,**...........††.#######,,.. ,,,,,***......†...†H........##### ,,,,,* *..>..........H........... ,,,,,***.......○○E...†##.###.#### ,,,,*,**...<.°#H.##...####*### ,,,*,,**.....###+###..#*,,,,,* ,,*,,,**...?.☼,,,,*#.HH*,,,,,* ,*,,,,**,,,,,,,,,,*#...,,,,,,* *,,,,,**,,,,,,,,,,*#..#*,,,,,#### Turn 56258 on Elf:2: - where are these all coming from ,,,,,** *,* *..,,,,,,,,*, ,,,,*,* #.* #..,,,,,,,,*, ,,,*,,* #.* #.#******,,** ,,*,,,* #.* #.# *,,,, ,*,,,,**#######.#####.# *,,,, *,,,,,**............#.# **,** ,,,,,***,.............# *,*, ,,,,,*****#..#........# **,*, *,,,,,* #....)$.....# #,,*, ,*,,,,**###++..)......# #.,*# ,,*,,,**........@∩.†..# *..,, ,,,*,,**.......†.††...# *,#.# ,,,,*,**...........††.#######,,.. ,,,,,***......†...†)........##### ,,,,,* *..>.........†............ ,,,,,***.............†##.###.#### ,,,,*,**...<..#..##...####*### ,,,*,,**.....###+###..#*,,,,,* ,,*,,,**...?.☼,,,,*#...*,,,,,* ,*,,,,**,,,,,,,,,,*#...,,,,,,* *,,,,,**,,,,,,,,,,*#..#*,,,,,#### Turn 56273 on Elf:2: - holy heck ...##.# #.............<.......... ..###.# #.....###....######...... .####.###....## ##..## #.###.# ............## ##.# ##.#### ....#....)..# #.# ##.### ###.#...)#..## #.# ##.#. ##.#........## #### ##.# ##............#### .# #.# .......?.....#...# W:# #.# ##..............###+## #.# #..............@....# #.# ##..............#...## #.# ###.............##### #.# # #..........##.# #.# # ###...<....##.# #^# # ##....#####.# #.# # ##)#.# #.# #.# # #.#.#####.# #.# # #.#.......######### #.# ## #.................# #.# .## ##.##############.# ##.# Turn 60145 on Elf:3: - eyy, its-a me! ##.# #.............<...........## ##.# #.....###....######........# ##.###....## ##..## #.###.###. .........## ##.# ##.#####.# .#....)..# #.# ##.###.## .#...)#..## #.# ##.#.### .#........## ##### ##.## # ...........####.8.# #.# # ....?.....#...#}W:# #.# # .............###+## #.# # ................@.# #.# # .............#...## #.# # .............##### #.# # ..........##.# #.# # ##...<....##.# #^# # ##....#####.# #.# ##)#.# #.# #.# # #.#.#####.# #.# # #.#.......######### #.# # #.................# #.# # ##.##############.# ##.## # Turn 60148 on Elf:3: - hm I look kinda tough .....## ...... )).. .)). ))) ### ##)## ..# #.).# ### #)).# ### #)).# .# ### ##@## .# #.# #.....# .###.#### #.....# ........# ###.### .###.##.# #.#### ...)<##.# #....## .###.##.### ##.....## .# #[).#..#####.......# .###)[###.............# .##[..[...#####.......# ....[.[.### ##.....## Turn 60369 on Elf:3: - no retreats baby! ..... . #...# .. #...# . ... ##...## .. ....###.....###... #................. #.....))..)...# #....))...# #.))).# ### ###@### ..# #.).# ### #)).# ### #)))# .# ### ###.### .# #.# #.)...# .###.#### #.....# ........# ###.### .###.##.# #.#### ...)<##.# #....## .###.##.### ##.....## Turn 60408 on Elf:3: - guess theres still a few toughnuts left ..##.#.# ....... # ..... .. . #...# ... .. #...# ..⌠. ... ##...## ..... ....###.....###...... #.................# #.....)@..)...# ###....))...### ###.))).### ### ###)### ..# #.).# ### #)).# ### #)))# .# ### ###.### .# #.# #.)...# .###.#### #.....# ........# ###.### Turn 60428 on Elf:3: - nice ring... toughnut ###.# ##..## ##.[(######### #.≈≈≈#...#..)# .≈≈≈≈....'...# .≈≈≈≈....#...# .≈≈≈≈#####[..# .≈≈≈≈# #.[.# ..≈≈≈#####...##### .....'.......#⌠.⌠# .....'..!#[..'?∩@# .....'.....[.#⌠.⌠# ..≈≈≈#####...##### .≈≈≈≈# #...# .≈≈≈≈#####...# .≈≈≈≈....#...# .≈≈≈≈...('...# ..≈≈≈#...#...# ...≈≈######### .....#### ........# Turn 61114 on D:13: - now this is more like it ..#......#))).....# ..#.....^#)))))...# ..#......+).)))...# ..'......#....)...# ..#......#....)...# ..#......#........# # ..#......#........#.+ ..########........#.# .........#####'####.# ....................# #. ................@...# #.### ....................# #.... ....................# #.... .....#####'######...# #.... .....# #....## #...# ###.... .....# ##....###.... ....... .....# ##....##..... ....... .....# ##......#...... ...... .....# #..<....##+####' ###.. .....#....>..#..# Q. #.# .....#......###.'.# # # Turn 61865 on Vaults:2: - level really bringin the uniques ....# #.........########... ....# #................#..# ....#########................#.## ..[..........................#.#. ......................)......#.#. ................∩............#.#. .......#################.....#.## .......# #.^...#... .......# #.....#### .......# #####+##### #......... .......# #pQRc.@...####......... .......# #c#######.#..#........# #.#..#.....#### #.#..#.....#... #.'..#.....#.#. #.#..#.....#.## # #.#..#.....#.#. '.J #.#######.#..#.....#... #.. #.........####.....#### #. #####'##### #........# # #.......# #......... Turn 63051 on Vaults:2: - after all that care not to wake you up ..# #.........########...## ..# #................#..##. ..#########................#.##.. [..........................#.#... ....................)......#.#... ..............∩............#.#... .....#################.....#.#### .....# #.^...#..... .....# #.....###### .....# #####+##### #........... .....# #))))..r@.####........... .....# #.#######.#..#........### #.#..#.....####.< #.#..#.....#..... #.'..#.....#.#.## #.#..#.....#.### #.#..#.....#.#.## J #.#######.#..#.....#..... . #.........####.....####.. #####'##### #........### #.......# #........... Turn 63067 on Vaults:2: - yay ##### #...# #.∩.# #...# #########...######### #...#...........#...# #.∩.'.∩...⌠...∩.'.∩.# #...#...........#...# #########...######### #...# #.@.# #...# ##### Turn 66628 on Bazaar: - cheap! *,,,*,,,*,,,#......#..... **,,*****,,*#......#..... **,,,,,,,**#......#..... **,,,,,** #......#..... **,,,** #......#..... ***** #......#..... #......'..... #########'####..... ##≈≈≈.......# #..... #≈.≈.≈......# #..... #≈≈@≈§.....†# #..... #≈.≈?≈[...[.# #..... #.≈≈≈.....†.# #..... #...........# #..... #...........# #..... ############# #..... ******** #..... *,,**,,* #..... ***,,**,,**#..... *,,**,,**,,+....^ *,,**,,**,,+..... Turn 66674 on Vaults:4: - not bad .....# #.......# '############'####### ..............# ..............# ..............# .......[......########### ..............#..#:8...8# #########.....#..#.....!# ...# #....[#..#W.....# ..#### #.....#..+W.....# .###.# #.....#.@+W....8# .##..# #.....#..+W....$# .'...# #.....#..#W.....# .#...# #.....#..#......# ###..# #.....'..#.8[.!8# .###.# #.....########### .##### #.....# ...# #.....# #### #.....# *** #.....# ,,* #.....# Turn 67758 on Vaults:4: - might be worth it for a couple of hastes ≈≈≈≈≈≈≈≈≈≈≈≈≈≈≈ ≈≈≈≈≈≈≈≈≈≈≈≈≈≈≈≈≈≈≈≈≈≈≈≈≈≈ ≈≈≈≈≈≈≈≈≈≈≈≈≈≈≈≈≈≈≈≈≈≈≈≈≈≈ ≈≈≈≈≈≈≈≈≈≈≈≈≈≈≈≈≈≈≈≈≈≈≈≈≈≈ ≈≈≈≈≈≈≈≈≈≈≈≈≈≈≈≈≈≈≈≈≈≈≈≈≈≈ ≈≈≈≈≈≈≈≈≈≈≈≈P≈≈≈≈≈≈≈≈≈≈≈≈≈ ≈≈≈≈≈≈≈≈≈≈P≈P≈P≈P≈≈≈≈≈≈≈≈≈ ≈≈≈≈≈P≈P≈≈P.PPP.≈≈≈≈≈≈≈≈≈≈ ≈≈≈≈≈≈≈≈...P.PP.P≈≈≈≈≈≈≈≈≈≈ ≈≈≈≈≈P≈..:...PP..PPP≈≈≈≈≈≈≈ ≈≈≈≈≈PP...@P.....≈≈≈≈≈≈≈≈≈≈ ≈≈≈≈P≈.PPP.PP..P...≈≈≈≈..≈≈ ≈≈≈≈≈≈..............≈...... ≈≈≈≈≈P..................... ≈≈≈≈≈P....P...........≈≈... ≈≈≈≈................≈≈≈.... ≈ ≈≈≈......P...P......≈≈≈≈... ≈≈ ≈≈≈..........P.PP)#≈≈≈≈≈≈.. ≈≈≈≈≈.....≈..P..P≈>)..≈≈≈≈≈≈≈# ≈≈≈≈≈........##.......≈≈≈≈≈≈≈# ≈≈≈≈≈..###..###...P.≈≈≈≈≈.≈≈≈≈ Turn 69778 on Shoals:1: - since when is she into transmutation ≈≈≈≈≈.≈≈≈≈≈m* ###.......# ,≈≈,≈....≈≈≈#* #.........# >,,**#.......####.#.......# **,,*#.....E.+....#.......# **,,+......))#####.......# ***#..#####†#####.......# **##...#)#...##......# #....)).....####.### #.T##...##..# #..# #..##...##..# #.## ** ***#....TT.@.####+#### ,* #.....).∩............# ,*** #.##.........##......# ,,,* *,#..##...##..#+.....# ,*,***,#..*#.).#*..##.....# ,*,,,,,#.,......,..##.....# ,***,,,##...#.#.,.###.....# ** ***,,#####.##### ####### ***,,,,..* ******** Turn 70660 on Depths:1: - if you all make me last for this wizlab i will be pissed **,,,,,,,,,,,*****,*,≈* ****..,****** *,*≈≈** *..** **,*,≈≈≈ *.** *,,,≈,≈≈ ##.* ***,*,,≈≈≈ #).* *,,,,*≈≈** #.#**###*###,,,,,,≈* #.# *.##∩8.##,,,*≈≈** #.###.#R$.$W#,,,*,≈≈≈ #.....+i$$$8#*,**≈≈≈, #.##@.+DG8$∩#*,*,≈≈≈≈ #.###.+T$$Q8#*,,,≈≈** #.# *.#$$$$.#**+*,≈* #####'###.##.8∩##.....≈** #.......####*###.....≈≈≈≈ #.......#******....i..R,≈ #.......+,,,,,*........*, #.......#****,+........*, #..)....# ***........*, #.......# *........*, ###'##### #####........** Turn 72625 on Depths:1: - grimtooth: mall cop *,,**,**........#* ***,* *,******#.......## *>* *,* ###.D......# *** *** #...TTT.#.<# *#..C......# #...T.....# *##......## #......# #...[..## ##.......# *** #....@...#** *,* #....i#....# *,* #..).[C.##.# *,* ***** #....#$..*.#**** *,* *,,,***#....,$∩$.,.,,,* *,* *∩*,**......*$$$####*,* ,** *,,,,.......*#.##* *,** ,*****,,..#ii...,,..,* *,,* ,**,,,,,.i......,,..,* **,****** ,,,,,,,,,,,,,,,*,,,,** *,,,,,,, ,,,,,,,,,,,,,,,,,,,,* ***,***** Turn 78805 on Depths:4: - i smell the enchantree *,,**,**........#* ***,* *,******#.......## *>* *,* ###.[......# *** *** #.......#.<# *#.........# #..):TD...# *##......## #...T..# #...[..## ##.......# *** #....@...#** *,* #....)#....# *,* #..).[..##.# *,* ***** #....#$..*.#**** *,* *,,,***#C...,$∩$.,.,,,* *,* *∩*,**....iX*$$$####*,* ,** *,,,,..i.†..*..##* *,** ,*****,,..#.)...,...,* *,,* ,**,,,,,.[..i..i,...,* **,****** ,,,,,,,,,,,,,,,*,,,,** *,,,,,,, ,,,,,,,,,,,,,,,,,,,,* ***,***** Turn 78809 on Depths:4: - there she is *,******#.......## *>* *,* ###.[......# *** *** #.......#.<# *#.........# #..):.[...# *##......## * #......# * #...[..### * ##........# **** #.........#* **,* #...@)#....# **,* #..).)[.#..# **,* ***** #....#$....#**** **,* *,,,***#...).[∩$...$,,* **,* *∩*,**..†.)).$)$..#.*,* ,,** *,,,,..).†.....#....*,** ,,*****,,..#.)...........*,,* ,,**,,,,..[...........W..**,***** ,,,,,,,,........#...,.*.. *,,,,,, ,,,,,,,,,,,,,,,,,,,,,* ***,**** ,,,,,,,,,,,,,,,,,,,*,* **,,,,,** Turn 78822 on Depths:4: - people i am just trying to get to the mall ##### ###...## #......### ## ###........### ∩# #.....#......# .## ###....##......# ..### #.....@#####...# ....## ##....#####....∩# .....#####.....####.....## .......#.....###.#.∩...## ###....#.....##......### ##.......###.......# ##.....###......### ##.∩.## #∩..#### ##### ##### Turn 79201 on Bazaar: - guess i'll take those darts... too bad I was ready to drop serious coin on yall #.8###......)## #.####* #.###.####.)## #.* # #.....####.^### ##* # ########......# # **#......### #..####..[.# **#H.####....### *....##..####..# #....##..####.[# #..##[)##.[##..#*** #.,*#.)##@[##..#*,* *,,*###..##....#*,* *,,*###..##....#*,* #♣### **#....####..###*,* #...## #....***#..#***,* ♣∩♣.## ###.,,,,(###*,,** #..... #,,,,..****,,*###♣.... ***,.##**<,,,*#......! *,.****,,,.......... *,,,,,,,,,.....≈≈... ***,,****....§..≈... Turn 80106 on Depths:4: - well these will do nicely ##...[.[=.......# ....[[..?...#.#.# .).......#....#,#* #.[...†...)...#,.* ............(.#*.####**** .....#........#*....,,,^* ...........[..###.###**,** ........#.#...#.....##*,,* .....................##*,** .......####...........##,,* ......?...##....@∩.....#*,* ..∩#.####.#.............#,* ..#### *,#.............#,* .## #.....∩..#..∩.....* ## ###.............#.* #.............#,* ##..$..∩.....##,* ##.........##,,* ##......:##,,** **,,,,,**,,** ***,***,,** Turn 80416 on Depths:4: - man this place is a mall .............[..###.###**,** ..........#.#...#.....##*,,* .......................##*,** #^.......####...........##,,* #.......?...##.....∩.....##,# ....∩#.####.#.............#.# ....#### #.#.............#.# ...## #.....∩..#..∩.....# #### ###.............#.# #.............#,* ##..@..∩.....##,* ##.........##,,* ##......:##,,** ##.....##,,** ###.###,,** #..,,,** ####*** Turn 80443 on Depths:4: - i have to say a +10 quickblade is pretty appealing #.... .. #....# #. #.G...####.# ##..........# #........?..# ............# . ............##.uu ...............u. .....^..@..G..... ................. Q................ ..#.....C.....$.# ..#...^......... .. #d.#...⌠..C..d . d##.#.......## d# #.......#.. .. ..######.. Turn 80588 on Depths:5: - are you kidding me... triple bazaar!? shopping mall indeed

........$.#,,.u#*#...,** **,,**
.^.........*uuu##....,****,,**
#...⌠..C...#.u#u.....,,*,,,**
.#.......##.##uuu....,,,,,,**
#.......#..#..u.u....,,,,*,,**
*..######..#......d..,,,***,,***
*,**....###.#....∩#*,,,**,**,,,*
,,*..).....#.#******,,**,∩,**,,*
,,*+#####....######*,,,##,**,,,*
,,*,,,+,##........##....#**,,,**
,,*,∩,*,,#..⌠...@........*,,***
*,+,,,*,,#......b..b...b.,,******
*****+*,,#....§..........,****,,*
,,,,,,*,,#............b..****,,,*
*,,,,**,*##.........b....,,,,,,**
******,,*..#..........G..,,,,,,,*
*,,,,,,,#."#..#..........,,,,,,**
,,,,,,,*.##d##...........***,,,**
,,,,*,,,*,.#,,..........#* ****,*
,,*,,,,,,,,*,,,,,,,,,,,,* ***
,,,,,,,,*,,,*,,,,,,,,,,,*


Turn 80716 on Depths:5: - oh the shrike shwarm # ##. .... ....∩ ####+#### ......
##⌠.....⌠## #....⌠##.........## #....'@....∩.....+ #....⌠##.........## ......
##⌠.....⌠## ....∩ ####+#### .... ##. # Turn 80948 on Bazaar: - shopppppping
malllll ##.........## #######.....∩.....# ###....⌠##.........##
##........##.......##. #P....∩....####'####.. ##........##⌠.....⌠##.
###....⌠##.........## ##....'.....∩.....' ###....⌠##.........##
##........##⌠.....⌠##. #⌠...@∩....####'####.. ##........##.......##.
###.....##.........## #######.....∩.....# ##.........## ##P.....P## #########
Turn 81057 on Bazaar: - well a few pedestrian items are FINE i guess... but you
know it was a lot of work to get here ### ####.#### #.. .......####....
#.#......#..... #.............# .... #............#. .J.#.#.#..............
#J....#.............. .###....#..@........... .J......#..............
........#.....>........ ........#.............. ......#................
....................... #.#....<.............. .......................
....................... ....................... ....................... Turn
82582 on Slime:1: - man you get mixed up after you switfch the macros ##..###.#
#.....#..'.....8# ##..##..# #.....#..'......# ....'...# #.....#..#......#
....#...# #.....#..#......# ##'###..# #.....'..#.8[..8# ##..###.#
#.....########### #...##### #.....# ......# #.....# ####### #.....# ######
#.....# .....# #....@# .....# #.....# .....# #.....# ###### ..>..# #....)#
#..... .....# #.....# ### #..... .....# #.....# ##.## #..... ##'#########.....#
#...# #...<. .................# #.>.# #..... ..........W...[..###...## #.....
.................##.#.#.#####'#'' .................[[[[#...'....... Turn 105577
on Vaults:4: - oh i forgot about you +#### #.# #.#####..........# .#
#.###.#####.######.#.# .### #.##........# #.#^# ...#######.##...####'######.#.#
........##.##.#.###.......#.#.# .#.####.##.##.....'.......+...# .#.#
#....##.#.###.≈≈≈≈≈.#'##### .#.# #.......#.# #.≈###≈........ .#.# #.##.####.#
#.≈# #≈........ .#.# #.##.####.###.≈###≈........ ##.#
#.........@.'.≈≈≈≈≈........ #.# ####.####..##....⌠......... ##.# #.#
#..#####+##+....... ##.# #.# #..##......#......> ##.#######.#
#..##......#####'## .........#.# #..##.......# #)# ########.#.# #..##.......#
#.# #...# #...'.......# #)# #.######.:##...:...####.# #.........##.......+....#
############.......###### Turn 106363 on Zot:1: oh wait i already did all this
##....##..^.............## ###..^.............^..## #▓▓▓▓▓▓▓▓▓▓▓##^....▓▓
▓▓▓▓...............▓▓ ##▓..................^▓▓ ##......................▓▓ ▓▓▓▓▓
#.....................^..▓ ....▓▓▓.............^..........▓
.....▓▓..................(....▓▓ ......▓.^.......^......^.....▓▓
0......[........@...........▓▓ ......▓..................^...▓▓
.....▓▓.................[.....▓▓ ..^.▓▓▓......(.................▓ ▓▓▓▓▓
▓........................▓ ▓▓..^...................▓▓ ▓▓▓...................▓▓
▓▓▓▓.............▓▓▓▓ ▓▓▓▓▓▓▓▓▓▓▓▓▓▓▓ Turn 108887 on Zot:5: - hey why not
#...#..........#.†..#.####.## #...#..........#..††#.# #...##
#...#.........#####)#.# #..... #.....#...#.#.##.##..## #...##
#...#.#####.#.##.###[# ###### #...#.#####.#.##.###.# # #....^...............# #
#....................## # #...#.##.#.......##...## # #........#.......#.....# #
#.###........@.........# # #.# ##.#.........>.....# # #.# #.#.#.....##.#...## #
#.####.#.#.######.##.## # #......#.#.# ##.##.# # #..#####.#.#####...#.## # #..#
#.#............# # #..#####.#>.####...##.# # #.......()......#.###.###### #
##.#####.#.####............### #.# #.#.## ##.............. Turn 110721 on D:14:
- yeesh too close ............#####.#.#.#.# #.....#
##.............##.[...#.###.###.# ##..###.######.####.###.....# #.# ....).#.#
#.####.####..#####.# ........# #.#................# #####.###
#.#.######.......... #.# #.#..........##.##.. #.# #.#..#####..#....... #.#
###....# ##.#.###... #####.# ###...#### #...###.## ....... #...###@.# #.#.#.#)#
#######. #.#.###''### #.#.....## ..##.###......# #.#....... #.#.#
#.≈≈≈≈.####.##...##. ##..###.§≈≈≈.##...###.###. # #.#.....#......###### #.# #†
#####.#..#...###''###.# #.# #. ...÷>..........#..###.# #.# #.
######.####..>.#''#.#.# #.# #. #####.......#.....#.#.#### #.# #.
....####..#.#..#.........# #.# #. Turn 111089 on D:1: - ok i gotta wait
............#####.#.#.#.# #.....# ##.............##.[...#.###.###.#
##..###.######.####.###.....# #.# ....).#.# #.####.####..#####.# ........#
#.#................# #####.### #.#.######.......... #.# #.#..........##.##.. #.#
#.#..#####..#....... #.# ###....# ##.#.###... #####.# ###...#### #...###.##
....... #...###@.# #.#.#.#)# #######. #.#.###''### #.#.....## ..##.###§.....#
#.#....... #.#.# #†≈≈≈≈.####.##...##. ##..###.≈≈≈§.##...###.###. #
#.#.....#..†...###### #.# #† #####.#..#...###''###.# #.# #.
...÷>..........#..###.# #.# #. ######.####..>.#''#.#.# #.# #.
#####.......#.....#.#.#### #.# #. ....####..#.#..#.........# #.# #. Turn 111162
on D:1: - at least i did one

Levels and vault maps discovered:
D:1:      lightli_arrival_lavapool, layout_loops_ring
D:2:      layout_loops_corners, basic_altar, shapermc_ecumenical_altar_rom_forum
D:3:      minmay_bubble_buster, layout_basic, nicolae_overflow_hidden_temple,
          nicolae_hepliaklqana_hazy_memory
D:4:      layout_basic, serial_shops, shop_statue
D:5:      layout_cave_pods, evilmike_ruin_ashenzari,
          chequers_temple_overflow_statue_of_worship, serial_shops, shop,
          kennysheep_generic_room_16
D:6:      layout_basic, zin_statuary, minitemple, chequers_serial_rivers_room_a
D:7:      wander_guarded_unrand_ratskin, layout_basic,
          minmay_temple_entry_sparse_star, chequers_serial_rivers_room_b,
          minmay_diced_spiral
D:8:      layout_rooms, gammafunk_temple_overflow_statue, serial_shops,
          kennysheep_mini, serial_bayou, serial_bayou_pond_d,
          serial_bayou_ford_a, serial_bayou_pond_d, serial_bayou_pond_e,
          serial_bayou_pond_c, kennysheep_generic_room_7
D:9:      layout_layer_cave, elyvilon_altar_3, hiddenorc2_lemuel, minivault_5
D:10:     layout_basic, minmay_misc_feat_chi, hangedman_incinerator
D:11:     layout_irregular_city, dpeg_lair_monsters
D:12:     layout_gridville, serial_shops, shop
D:13:     layout_roguey, grunt_vaults_entry_fortified
D:14:     kennysheep_snake, layout_loops_ring, minmay_hedge_maze, special_room
          [special_room_bee], small_chamber_with_monster, uniq_azrael
D:15:     grunt_enter_depths_magical_seal, layout_basic, serial_shops, shop,
          kiku_gazebo_pond_becter, fountainhead, uniq_nessos, uniq_jorgrun
Temple:   nicolae_temple_figure_zero
Lair:1:   layout_layer_cave, special_room, eino_small_chamber_without_monster,
          grunt_megastairs_2
Lair:2:   layout_regular_city, maelrawn_ghost_gauntlet_escape, uniq_sonja
Lair:3:   layout_regular_city, minmay_shoals_entry_lonely_mermaid,
          guppyfry_lair_drakes
Lair:4:   layout_gridlike, spider_nest_entry_rubble, beast_lair_carwin_7
Lair:5:   layout_gridlike, dpeg_slime_entry_enclosed_altar,
          gammafunk_ghost_ooze, special_room [special_room_mythical_zoo]
Lair:6:   guppyfry_lair_end_dragon, layout_cave_shapes,
          hangedman_lair_caniforms_friends, serial_bayou, serial_bayou_shore_b,
          serial_bayou_pond_b, serial_bayou_pond_a, serial_bayou_pond_a,
          serial_bayou_shore_b
Shoals:1: layout_shoals, uniq_roxanne
Shoals:2: layout_shoals, nicolae_shoals_mertower
Shoals:3: layout_shoals, nicolae_shoals_shepherds, uniq_ilsuiw
Shoals:4: shoals_end_hellmonk_storm_palace [storm_palace_center_ruins,
          storm_palace_corner_blocked, storm_palace_corner_narrow,
          storm_palace_corner_altar, storm_palace_corner_grid], serial_shops
Spider:1: layout_chambers, hangedman_spider_tarantella_strand
Spider:2: layout_spider_delve, uniq_arachne
Spider:3: layout_spider_delve
Spider:4: guppyfry_spider_rune
Slime:1:  cheibrodos_slime_lost_civilization_8, layout_caves
Slime:2:  layout_caves
Slime:3:  cheibrodos_slime_lost_civilization_1, layout_caves
Slime:4:  layout_caves
Slime:5
Orc:1:    layout_caves, basic_altar
Orc:2:    grunt_orc_cross, layout_caves
Elf:1:    eino_elf_arrival_the_gate, layout_geoelf_grid, serial_shops,
          nicolae_shop_stone, orc_legates, minivault_8, uniq_kirke
Elf:2:    nicolae_elf_blades_splatter_lattice [nicolae_blade_lattice],
          layout_gridlike, special_room [special_room_mythical_zoo],
          portal_ice_cave_entry_ice_statue_two, library_closet,
          guppyfry_elf_castle
Elf:3:    minmay_elf_hall_not_hex, layout_loops_ring, serial_shops, shop,
          gammafunk_ghost_grave
Vaults:1: v_misc_29, vaults_room_fancy_cross, nicolae_vaults_little_squares_1,
          vaults_dpeg_cross, nicolae_vaults_fighting_squares,
          vaults_dpeg_diagonal, nicolae_vaults_shelves_hall,
          ontoclasm_vaults_twist, vaults_room_pool, layout_vaults_quadrants,
          enter_trove_6, uniq_donald
Vaults:2: minmay_crypt_entry_vampire_xt, special_room_vaults [special_room_orc],
          hangedman_vaults_maws, nicolae_vaults_angled_halls, vaults_room_boxed,
          vaults_room_pools, ontoclasm_vaults_loading_screen,
          nicolae_vaults_rhombus_6, ontoclasm_vaults_pinch,
          layout_vaults_chaotic_city, serial_shops, shop, uniq_boris,
          uniq_margery, uniq_mara, uniq_aizul, uniq_sojobo
Vaults:3: v_pattern_3, v_misc_26, vaults_dpeg_encased_lava,
          nicolae_vaults_border_crossing, v_misc_33, vaults_room_door_hall,
          grunt_vaults_twisty, kb_rosetta, vaults_dpeg_hooks,
          layout_vaults_maze_snakey, serial_shops, nicolae_shop_waterfront
Vaults:4: gammafunk_vaults_ghost_cemetery, vaults_mumra_minichess,
          vaults_mumra_hexcomb, grunt_vaults_bifocal,
          grunt_vaults_hallway_short, nicolae_vaults_network_quinsquares
          [nicolae_vaults_network_quincunx_subvault,
          nicolae_vaults_network_quincunx_subvault,
          nicolae_vaults_network_quincunx_subvault,
          nicolae_vaults_network_quincunx_subvault], v_pattern_1, v_misc_3,
          v_misc_15, v_misc_11, nicolae_vaults_little_squares_4,
          nicolae_vaults_gold_heap, v_misc_19, layout_vaults_ring, serial_shops,
          bzr_entry_water
Vaults:5: serial_shops
Crypt:1:  layout_regular_city, lemuel_upstairs_altar
Crypt:2:  layout_regular_city, grunt_megastairs_3
Crypt:3:  david_glass_crypt, layout_chaotic_city, tomb_entry_sphere_bobbens,
          uniq_saint_roka
Depths:1: layout_roguey, kennysheep_boxes, infiniplex_enter_wizlab_spiral,
          ebering_ghost_gozag, pf_vacation_house_of_asmodeus,
          minmay_shop_grid_forest, grunt_decor_junction, minmay_acid_items
Depths:2: hangedman_cross_veins, layout_basic, serial_shops,
          nicolae_shop_statue_plus, led_sif_pool, hangedman_coc_ice_floe,
          minmay_orc_keep, infiniplex_staircase_door_maze
Depths:3: minmay_the_grid_triangle_9x9_rhombus_thin
          [minmay_the_grid_triangle_9x9_impossible_snake,
          minmay_the_grid_triangle_9x9_prize_center,
          minmay_the_grid_triangle_9x9_pentomino_pain,
          minmay_the_grid_triangle_9x9_longest], layout_gridlike, hell_entry,
          rand_demon_pan_entry_8, grunt_decor_one_mirror,
          hangedman_abyss_entry_splay, serial_curves, eino_curves_04,
          eino_curves_01, uniq_jory
Depths:4: minmay_bloctagon, layout_cave_shapes,
          nicolae_qazlal_scattered_showers, abyss_entry_flame_altar, hell_entry,
          serial_shops, bzr_entry_gold, shop_statue, nicolae_shop_trees,
          firewood_loft, minmay_shoptagon, infiniplex_staircase_squiggle,
          uniq_enchantress
Depths:5: grunt_twist_and_shout, layout_cave_shapes, enter_ziggurat_c,
          serial_shops, bzr_firewalk, abyss_entry, pan_entry, hell_entry,
          infiniplex_staircase_pool_lava
Zot:1:    layout_gridlike, amethyst_zot_foddershock
Zot:2:    cheibrodos_zot_enchanting_chambers, layout_misc_corridors,
          grunt_ministairs_6
Zot:3:    layout_cellular_growth, lemuel_baited_zot_trap, st_stairs_14,
          grunt_ministairs_12, zot_minivault_1, grunt_megastairs_5
Zot:4:    ebering_klown_carousel, layout_cathedral_of_symmetry,
          bh_zot_lava_cross, uniq_tiamat
Zot:5:    layout_twisted_circle, grunt_ministairs_2

Skill      XL: |  1  2  3  4  5  6  7  8  9 10 11 12 13 14 15 16 17 18 19 20 21 22 23 24 25 26 27 |
---------------+----------------------------------------------------------------------------------+-----
Poison Magic   | 4 5 6 7 8 9 10 12 | 12.0
Spellcasting   | 3 4 6 9 11 12 13 15 18 20 21 | 21.0
Transmutations | 2 3 6 9 |  9.0
Air Magic      | 2 3 4 6 |  6.0
Fighting       | 6 8 9 12 13 15 17 18 19 20 21 | 21.0
Conjurations   | 4 6 8 11 14 15 16 18 20 | 20.0
Stealth        | 3 6 8 9 10 15 | 15.0
Earth Magic    | 2 6 9 12 14 15 23 | 23.0
Dodging        | 5 9 10 12 14 15 18 20 | 20.0
Evocations     | 4 6 9 10 12 | 12.0
Shields        | 6 9 |  9.0
Translocations | 5 6 |  6.0
Fire Magic     | 6 9 12 14 15 17 18 22 | 22.6
Staves         | 6 9 |  9.0
Axes           | 15 | 15.0
Throwing       | 6 |  6.0

Action                   |  1- 3 |  4- 6 |  7- 9 | 10-12 | 13-15 | 16-18 | 19-21 | 22-24 | 25-27 || total
-------------------------+-------+-------+-------+-------+-------+-------+-------+-------+-------++-------
Melee: Dagger            |       |    89 |   189 |   304 |   229 |    62 |       |       |       ||   873
       Staff             |       |       |       |       |     7 |     4 |    72 |   285 |   316 ||   684
       Rapier            |       |       |       |       |       |     7 |       |       |       ||     7
       Broad axe         |       |       |       |       |       |       |       |       |   277 ||   277
Throw: Stone             |    10 |     2 |     2 |       |       |       |     1 |       |       ||    15
       Dart              |     2 |    37 |     8 |    26 |     8 |     8 |       |       |    14 ||   103
 Cast: Sting             |    97 |    89 |   139 |   211 |    86 |   143 |    12 |       |       ||   777
       Poisonous Vapours |     1 |    10 |    17 |    44 |   106 |   143 |    24 |     2 |     2 ||   349
       Mephitic Cloud    |       |       |    13 |    28 |    60 |     9 |    15 |    21 |     5 ||   151
       Sandblast         |       |       |     2 |   121 |   432 |    80 |   141 |   234 |   179 ||  1189
       Olgreb's Toxic Ra |       |       |       |     5 |    36 |    69 |    44 |    47 |    31 ||   232
       Iskenderun's Myst |       |       |       |       |    75 |   120 |   113 |    96 |   103 ||   507
       Apportation       |       |       |       |       |     4 |     5 |       |     2 |     4 ||    15
       Irradiate         |       |       |       |       |     1 |    43 |    10 |    13 |    19 ||    86
       Ignite Poison     |       |       |       |       |       |   107 |    47 |    29 |    23 ||   206
       Starburst         |       |       |       |       |       |    15 |     8 |     2 |       ||    25
       Iron Shot         |       |       |       |       |       |    15 |   122 |   174 |   552 ||   863
       Bolt of Magma     |       |       |       |       |       |     7 |    62 |   104 |   189 ||   362
       Orb of Destructio |       |       |       |       |       |       |       |     4 |   121 ||   125
       Ignition          |       |       |       |       |       |       |       |       |    78 ||    78
       Shatter           |       |       |       |       |       |       |       |       |    20 ||    20
       Fire Storm        |       |       |       |       |       |       |       |       |     1 ||     1
 Abil: Hop               |     1 |     1 |     2 |     9 |     9 |     5 |     3 |     9 |    24 ||    63
Evoke: Wand              |       |       |       |    16 |    50 |    76 |    11 |     3 |    59 ||   215
       Tin of tremorston |       |       |       |       |     2 |     1 |       |       |       ||     3
       Condenser vane    |       |       |       |       |       |     1 |     1 |       |     1 ||     3
       Phantom mirror    |       |       |       |       |       |       |       |       |     1 ||     1
  Use: Scroll            |       |     3 |    10 |    10 |     8 |     3 |     2 |     4 |    28 ||    68
       Potion            |       |       |     1 |     4 |     6 |     7 |     8 |     1 |    27 ||    54
 Stab: Sleeping          |       |     2 |     1 |     4 |     6 |     7 |     1 |     1 |     4 ||    26
       Confused          |       |       |     6 |    16 |    10 |       |       |     4 |     1 ||    37
       Paralysed         |       |       |       |     5 |     9 |    12 |       |       |     2 ||    28
       Distracted        |       |       |       |     1 |       |       |       |     1 |     2 ||     4
Armor: Robe              |    14 |    26 |    73 |     2 |       |    65 |    96 |    80 |   199 ||   555
       Steam dragon scal |       |       |       |   197 |   114 |   100 |       |       |       ||   411
Dodge: Dodged            |    58 |    95 |   203 |   614 |   386 |   454 |   255 |   344 |   770 ||  3179
Block: Buckler           |       |       |       |       |    72 |   138 |    82 |   129 |   220 ||   641
